Workbook
Name Área_Médico_Hospitalar: #REF!
Name CPT: #REF!
Name Esquadrias_Externas: #REF!
Name Externa: #REF!
Name Fachada_Envidraçada: #REF!
Name Interna: #REF!
Name Percentuais: #REF!
Name Regime: #REF!
Name Tarefas: #REF!

Sheet QUADRO DE PROFISSIONAIS
C2: Nr | D2: Postos | E2: Profissional | F2: ATUAL | AD2: Profissional | AE2: Postos | AF2: Profissional | AG2: PROPOSTO | BF2: NR | BG2: PLANILHA | BH2: VIGILANTE | BI2: Intervalo Intrajornada | BJ2: NOTURNO HORAS | BK2: ADICIONAL
F3: 7 | G3: 8 | H3: 9 | I3: 10 | J3: 11 | K3: 12 | L3: 13 | M3: 14 | N3: 15 | O3: 16 | P3: 17 | Q3: 18 | R3: 19 | S3: 20 | T3: 21 | U3: 22 | V3: 23 | W3: 24 | X3: 1 | Y3: 2 | Z3: 3 | AA3: 4 | AB3: 5 | AC3: 6 | AG3: 7 | AH3: 8 | AI3: 9 | AJ3: 10 | AK3: 11 | AL3: 12 | AM3: 13 | AN3: 14 | AO3: 15 | AP3: 16 | AQ3: 17 | AR3: 18 | AS3: 19 | AT3: 20 | AU3: 21 | AV3: 22 | AW3: 23 | AX3: 24 | AY3: 1 | AZ3: 2 | BA3: 3 | BB3: 4 | BC3: 5 | BD3: 6
C4: 1 | D4: Posto de vigilância controle de vias e acessos - (Pórtico) | E4: 8 | F4: 07 às 19:00hs 12x36 (44hs) | AD4: 8 | AE4: Posto de vigilância controle de vias e acessos - (Pórtico) | AF4: 8 | AG4: 07 às 19:00hs 12x36 (44hs) | BF4: 6 | BG4: GERAL-12D | BH4: 07 às 19:00hs 12x36 (44hs) | BI4: NÃO | BJ4: 0 | BK4: 0
F5: 07 às 19:00hs 12x36 (44hs) | AG5: 07 às 19:00hs 12x36 (44hs) | BF5: 4 | BG5: GERAL-12N | BH5: 19:00 às 07:00hs 12x36 (44hs) | BI5: NÃO | BJ5: 7 | BK5: 0
F6: 07 às 19:00hs 12x36 (44hs) | AG6: 07 às 19:00hs 12x36 (44hs) | BF6: 2 | BG6: LÍDER-12D | BH6: 07 às 19:30hs 12x36 (44hs) | BI6: SIM | BJ6: 0 | BK6: 0.2
F7: 07 às 19:00hs 12x36 (44hs) | AG7: 07 às 19:00hs 12x36 (44hs) | BF7: 2 | BG7: MONITOR-12D | BH7: 07 às 19:30hs 12x36 (44hs) | BI7: SIM | BJ7: 0 | BK7: 0
R8: 19:00 às 07:00hs 12x36 (44hs) | AS8: 19:00 às 07:00hs 12x36 (44hs) | BF8: 2 | BG8: MONITOR-12N | BH8: 19:00 às 07:00hs 12x36 (44hs) | BI8: NÃO | BJ8: 7 | BK8: 0
R9: 19:00 às 07:00hs 12x36 (44hs) | AS9: 19:00 às 07:00hs 12x36 (44hs) | BF9: 1 | BG9: MONITOR-11D | BH9: 08:00hs às 20:00hs 11hs (55hs) | BI9: SIM | BJ9: 0 | BK9: 0
R10: 19:00 às 07:00hs 12x36 (44hs) | AS10: 19:00 às 07:00hs 12x36 (44hs) | BF10: 3 | BG10: GERAL-11D | BH10: 08:00hs às 20:00hs 11hs (55hs) 11:00hs às 23:00hs 11hs (55hs) | BI10: SIM | BJ10: 0 | BK10: 0
R11: 19:00 às 07:00hs 12x36 (44hs) | AS11: 19:00 às 07:00hs 12x36 (44hs) | BF11: =SUM(BF4:BF10) -> 20
C14: 2 | D14: Posto de vigilância controle de vias e acessos – (estacionamentos) | E14: 6 | F14: 07:00 às 13:00 (30hs) | AD14: 6 | AE14: Posto de vigilância controle de vias e acessos (estacionamentos) | AF14: 1 | AH14: 08:00hs às 20:00hs 11hs (55hs)
F15: 07:00 às 13:00 (30hs)
F16: 07:00 às 13:00 (30hs)
L17: 13:00 às 19:00 (30hs)
L18: 13:00 às 19:00 (30hs)
L19: 13:00 às 19:00 (30hs)
C21: 3 | D21: Posto de vigilância Central de Monitoramento | E21: 4 | F21: 07:00 às 13:00 (30hs) | AD21: 4 | AE21: Posto de vigilância Central de Monitoramento | AF21: 5 | AG21: 07 às 19:00hs 12x36 (44hs)
L22: 13:00 às 19:00 (30hs) | AG22: 07 às 19:00hs 12x36 (44hs)
G23: 08:00 às 14:00 (30hs) | AS23: 19:00 às 07:00hs 12x36 (44hs)
M24: 14:00 às 20:00 (30hs) | AS24: 19:00 às 07:00hs 12x36 (44hs)
AH25: 08:00hs às 20:00hs 11hs (55hs)
C27: 4 | D27: Posto de Supervisor – vigilante líder | E27: 2 | F27: 07:00 às 13:00 (30hs) | AD27: 2 | AE27: Posto de Supervisor – vigilante líder | AF27: 2 | AG27: 07 às 19:30hs 12x36 (44hs)
L28: 13:00 às 19:00 (30hs) | AG28: 07 às 19:00hs 12x36 (44hs)
C30: 5 | D30: Posto de vigilância Portaria Norte Térreo | E30: 2 | G30: 07:30 às 17:08 (44hs) | AD30: 2 | AE30: Posto de vigilância Portaria Norte Térreo | AF30: 2 | AG30: 07 às 19:00hs 12x36 (44hs)
P31: 17:00 às 23:00 (30hs) | AG31: 07 às 19:00hs 12x36 (44hs)
C33: 6 | D33: Posto de vigilância Portaria S | E33: 2 | F33: 07:00 às 13:00 (30hs) | AD33: 2 | AE33: Posto de vigilância Portaria S | AF33: 1 | AK33: 11:00hs às 23:00hs 11hs (55hs)
L34: 13:00 às 19:00 (30hs)
C36: 7 | D36: Posto de vigilância Portaria N 2ºA | E36: 2 | F36: 07:00 às 13:00 (30hs) | AD36: 2 | AE36: Posto de vigilância Portaria N 2ºA | AF36: 1 | AH36: 08:00hs às 20:00hs 11hs (55hs)
L37: 13:00 às 19:00 (30hs)
C39: 8 | D39: Posto de vigilância Loureiro da Silva | E39: 2 | G39: 08:00 às 17:48hs (44 hs) | AD39: 2 | AE39: Posto de vigilância Loureiro da Silva | AF39: 0
P40: 17:00 às 23:00 (30hs)
C41: Nr | D41: Postos | F41: 7 | G41: 8 | H41: 9 | I41: 10 | J41: 11 | K41: 12 | L41: 13 | M41: 14 | N41: 15 | O41: 16 | P41: 17 | Q41: 18 | R41: 19 | S41: 20 | T41: 21 | U41: 22 | V41: 23 | W41: 24 | X41: 1 | Y41: 2 | Z41: 3 | AA41: 4 | AB41: 5 | AC41: 6 | AE41: Postos | AG41: 7 | AH41: 8 | AI41: 9 | AJ41: 10 | AK41: 11 | AL41: 12 | AM41: 13 | AN41: 14 | AO41: 15 | AP41: 16 | AQ41: 17 | AR41: 18 | AS41: 19 | AT41: 20 | AU41: 21 | AV41: 22 | AW41: 23 | AX41: 24 | AY41: 1 | AZ41: 2 | BA41: 3 | BB41: 4 | BC41: 5 | BD41: 6
C42: Total por horário | F42: 9 | G42: 12 | R42: 5 | S42: 4 | V42: 2 | AG42: 5 | AH42: 8 | AK42: 9 | AS42: 4 | AV42: 3
E43: =SUM(E4:E42) -> 28 | AD43: =SUM(AD4:AD42) -> 28 | AF43: =SUM(AF4:AF42) -> 20
D46: Pontos críticos

Sheet GERAL-12D
A1: PROPOSTA_SPAC_VIGIL01
A2: OBJETO DA LICITAÇÃO: | C2: GERAL 12D | D2: COMENTÁRIO
A3: Horário de trabalho | C3: DIURNO
A4: Escala | C4: 12x36
A5: Qtd de dias de trabalho na semana | C5: 3.5
A6: Média de dias trabalhados por empregado no mês | C6: 15
A7: Quantidade horas noturnas diárias | C7: 0 | D7: O artigo 73 da CLT, para o trabalho executado entre as 22 horas de um dia e as 5 horas do dia seguinte conf. §2°
A8: Quantidade horas diurnas | C8: 12
A9: Quantidade horas diárias do posto | C9: 12
A10: Quantidade horas extras mensais | C10: 0
A11: Limite de horas mensais com RSR (Repouso Salarial Remunerado)* | C11: 220 | D11: CLÁUSULA TERCEIRA - SALÁRIOS PROFISSIONAIS
A12: Horas de trabalho no mês com RSR | C12: 220
A13: POSTO | C13: Vigia Diurno
A14: Intervalo Intrajornada (Será concedido? sim/não) | C14: 196.05 | D14: CCT - Valor da hora intervalar de R$ 13,07 x 15 = 196,05 Cobrir 1 hora diária por plantão durante o horário do almoço, sem abandono do posto.
A15: Número de meses da execucao contratual | C15: 60
A16: Categoria Profissional | C16: SINDVIGILANTES
A17: CBO * | C17: 5173-30 | D17: Agente monitoramento, Operador de Vídeo
A18: Registro da CCT no MTE: * | C18: RS000776/2026 | D18: CCT
A19: Data base da categoria * | C19: 01/02 | D19: 01º de fevereiro de 2026 a 31 de janeiro de 2027
A20: Valor do salário normativo * | C20: 2211 | D20: CLÁUSULA TERCEIRA - SALÁRIOS PROFISSIONAIS
A21: Base de Cálculo para Insalubridade | C21: -
A22: Custo Unitário Transporte | C22: 5.3
A23: Custo Unitário Transporte | C23: 0.06 | D23: LEI No 7.418, DE 16 DE DEZEMBRO DE 1985 Art. 4 Parágrafo único
A24: Quantidade de vale transporte mês | C24: =C6*2 -> 30
A25: Custo Unitário Alimentação/Lanche CCT * | C25: 33 | D25: CLÁUSULA DÉCIMA QUINTA - AUXÍLIO ALIMENTAÇÃO
A26: % Descontado do empregado alimentação CCT * | C26: 0.2
A27: Quantidade de vale alimentação mês | C27: =C6 -> 15
A28: 2.3. Custo Unitário Assistencia médica * | C28: 0
A29: 2.4. Custo Unitário PLANO DE BENEFÍCIO FAMILIAR * | C29: 0
A30: 2.5. Custo Unitário Exames médicos/laudos segurança do trabalho | C30: 0
A31: 1.2. Hora extra | C31: 0.5
A32: 1.3. Adicional Noturno | C32: 0.2
A33: 1.5. Adicional Insalubridade | C33: 0
A34: 1.6. Adicional Periculosidade | C34: 0.3 | D34: Tribunal Regional do Trabalho da 1ª Região TRT-1 - RECURSO ORDINÁRIO: RO XXXXX20155010030 RJ ADICIONAL DE PERICULOSIDADE. VIGILANTE. ATIVIDADE COMPREENDIDA NO ART. 193, II, DA CLT. Fazem jus ao adicional de periculosidade equivalente a 30% do efetivo salário os trabalhadores em atividades profissionais de segurança pessoal ou patrimonial, em razão da exposição a risco de roubos ou outras espécies de violência …
A35: 1.7. Gratificação de Função | C35: 0
A36: 1.9. Adicional de troca de uniforme | C36: 1.67
A37: 1.91. Prêmio assiduidade | C37: 80 | D37: Valores referentes a Cláusula 14º da CCT. Não fará jus ao prêmio assiduidade quem apresentar falta, atraso, saída antes do fim de jornada, ausência (ainda que justificada ou abonada), punição disciplinar, atestado médico ou declaração de comparecimento
A38: 1.92. Reciclagem/formação continuada (Lei 14.967/24) | C38: 75.41 | D38: Valor Cláusula Décima Sexta - Treinamento
A39: 1.93. Custeio da Aprendizagem | C39: 96.61 | D39: Valores referentes a Cláusula 26º da CCT. §10.
A40: 3.1.6. RAT Ajustado (RAT x FAP ) | C40: 0.018
A41: * Nota: Itens com fundo verde que geralmente estão disponibilizados na CCT
A44: VALORES PARA UM EMPREGADO | D44: COMENTÁRIO
A45: Limite de horas mensais com RSR | C45: =C11 -> 220
A46: Horas de trabalho no mês com RSR | C46: =C12 -> 220
A47: Quantidade horas extras | C47: =C10 -> 0
A48: Salário hora | C48: =C20/C45 -> 10.05
A49: Salário hora com Gratificação de Função risco de vida | C49: =C48*(1+B60+B59+B61) -> 13.065
A50: Hora adicional noturno | C50: =C49*C32 -> 2.613
A52: PLANILHA DE CUSTOS | D52: COMENTÁRIO
A53: MÓDULO 1: COMPOSIÇÃO DA REMUNERAÇÃO
A54: REMUNERAÇÃO | B54: % | C54: VALOR
A55: 1.1. Salário Base | C55: =IF(C46<C45,(C48*C46),C20) -> 2211
A56: 1.2. Hora extra | B56: =C31 -> 0.5 | C56: =C49*C47*(1+B56) -> 0 | D56: Artigo 7º, XVI da CF
A57: 1.3. Adicional Noturno | B57: =C32 -> 0.2 | C57: =ROUND(((C7*C6)*C50),2) -> 0 | D57: O artigo 73 da CLT, 20% de acréscimo para o trabalho executado entre as 22 horas de um dia e as 5 horas do dia seguinte conf. §2°
A58: 1.4. Valor Hora Noturna Reduzida | C58: =TRUNC(ROUND((C7*C6)*((60/52.5)-1)*((C55+C59+C60)/C46)*1.2,2),2) -> 0 | D58: Qtde. de horas noturnas x qtde de dias laborados a noite x 0,142857 x (Salário base + adicionais periculosidade/insalubridade) ÷ total de horas mensais x 1,2
A59: 1.5. Adicional Insalubridade | B59: =C33 -> 0 | C59: =C20*B59 -> 0 | D59: O artigo 192 da CLT determina que o cálculo do adicional de insalubridade é feito com base no salário-mínimo — ou seja, ele não é relacionado ao salário do trabalhador. Porém, o adicional pode ser calculado sobre o piso da categoria em casos determinados por convenção coletiva.
A60: 1.6. Adicional Periculosidade | B60: =C34 -> 0.3 | C60: =TRUNC(ROUND(B60*C55,2),2) -> 663.3 | D60: SÚMULA Nº 191 - ADICIONAL. PERICULOSIDADE. INCIDÊNCIA O adicional de periculosidade incide apenas sobre o salário básico e não sobre este acrescido de outros adicionais.
A61: 1.7. Gratificação de Função | B61: =C35 -> 0 | C61: =C55*B61 -> 0
A62: 1.8. RSR s/ Adicional Noturno, Hora Noturna Reduzida | C62: =TRUNC(ROUND((C56+C57+C58)*20%,2),2) -> 0 | D62: RSR - Repouso Semanal Remunerado.
A63: =A36 -> 1.9. Adicional de troca de uniforme | C63: =C36*C6 -> 25.05
A66: Valor do Intervalor Intrajornada Indenizado | C66: =IF(ISNUMBER(C14),C14,0) -> 196.05
A67: TOTAL DA REMUNERAÇÃO | C67: =SUM(C55:C66) -> 3095.4
A68: TOTAL DO MÓDULO 1 | C68: =C67 -> 3095.4
A70: MÓDULO 2: BENEFÍCIOS MENSAIS E DIÁRIOS | D70: COMENTÁRIO
A71: BENEFÍCIOS | B71: % sobre remuneração | C71: VALOR
A72: 2.1. Vale-transporte * | B72: =C72/C68 -> 0.008509401 | C72: =TRUNC(ROUND(((C22*C24)-(C55*C23)),2),2) -> 26.34 | D72: = Valor Integral de todas as passagens - a parte paga pelo funcionário (SALÁRIO BASE * % de desconto do funcionário)
A73: 2.2. Auxílio alimentação/Cesta básica/Vale Lanche * | B73: =C73/C$68 -> 0.12793177 | C73: =TRUNC(ROUND((C25*C27)*(100%-C26),2),2) -> 396 | D73: = Valor integral do Auxílio - a parte paga pelo funcionário
A74: 2.3. Assistencia médica | B74: =C74/C$68 -> 0 | C74: =C28/12 -> 0
A75: 2.4. Plano de Benefício Familiar | B75: =C75/C$68 -> 0 | C75: =C29 -> 0
A76: 2.5. Exames médicos/ Laudos segurança do trabalho | B76: =C76/C$68 -> 0 | C76: =C30/12 -> 0
A77: TOTAL DO MÓDULO 2 | B77: =SUM(B72:B76) -> 0.13644117 | C77: =SUM(C72:C76) -> 422.34
A78: * Nota: O valor informado deverá ser o custo real do benefício (descontado o valor eventualmente pago pelo empregado).
A81: MÓDULO 3: ENCARGOS SOCIAIS E TRABALHISTAS | D81: COMENTÁRIO
A82: SUBMÓDULO 3.1 Encargos Previdenciários e FGTS
A83: Rubrica | B83: % | C83: VALOR
A84: 3.1.1. INSS | B84: 0.2 | C84: =TRUNC(ROUND($C$68*B84,2),2) -> 619.08 | D84: Conforme CCT - RS002241/2025
A85: 3.1.2. SESI/SESC | B85: 0.015 | C85: =TRUNC(ROUND($C$68*B85,2),2) -> 46.43 | D85: Conforme CCT - RS002241/2025
A86: 3.1.3. INCRA | B86: 0.002 | C86: =TRUNC(ROUND($C$68*B86,2),2) -> 6.19 | D86: Conforme CCT - RS002241/2025
A87: 3.1.4. SENAI/SENAC | B87: 0.01 | C87: =TRUNC(ROUND($C$68*B87,2),2) -> 30.95 | D87: Conforme CCT - RS002241/2025
A88: 3.1.5. Salário Educação | B88: 0.025 | C88: =TRUNC(ROUND($C$68*B88,2),2) -> 77.39 | D88: Conforme CCT - RS002241/2025
A89: 3.1.6. RAT Ajustado (RAT x FAP ) | B89: =C40 -> 0.018 | C89: =TRUNC(ROUND($C$68*B89,2),2) -> 55.72 | D89: Conforme CCT - RS002241/2025
A90: 3.1.7. FGTS | B90: 0.08 | C90: =TRUNC(ROUND($C$68*B90,2),2) -> 247.63 | D90: Conforme CCT - RS002241/2025
A91: 3.1.8. SEBRAE | B91: 0.006 | C91: =TRUNC(ROUND($C$68*B91,2),2) -> 18.57 | D91: Conforme CCT - RS002241/2025
A92: 3.1.9. SAT (Seguro contra acidade de trabalho) | B92: 0.03 | C92: =TRUNC(ROUND($C$68*B92,2),2) -> 92.86 | D92: Conforme CCT - RS002241/2025
A93: TOTAL DO SUBMÓDULO 3.1 | B93: =SUM(B84:B92) -> 0.386 | C93: =SUM(C84:C92) -> 1194.82
A95: SUBMÓDULO 3.2: 13º SALÁRIO E ADICIONAL DE FÉRIAS | D95: COMENTÁRIO
A96: Rubrica | B96: % | C96: VALOR
A97: 3.2.1. Adicional de Férias | B97: =C97/C68 -> 0.027776701 | C97: =TRUNC(ROUND(($C$68/3)/12,2),2) -> 85.98 | D97: Conforme CCT - RS002241/2025
A98: 3.2.2. 13º salário | B98: 0.0833 | C98: =TRUNC(ROUND($C$68*B98,2),2) -> 257.85 | D98: Conforme CCT - RS002241/2025
A99: Subtotal | B99: =B97+B98 -> 0.1110767 | C99: =SUM(C97:C98) -> 343.83
A100: 3.2.3. Incidência do submódulo 3.1 sobre 13º salário e adicional de férias | B100: =B99*B93 -> 0.042875607 | C100: =TRUNC(ROUND($C$68*B100,2),2) -> 132.72 | D100: Conforme CCT - RS002241/2025
A101: TOTAL DO SUBMÓDULO 3.2 | B101: =B99+B100 -> 0.15395231 | C101: =SUM(C99:C100) -> 476.55
A103: SUBMÓDULO 3.3: AFASTAMENTO MATERNIDADE | D103: COMENTÁRIO
A104: Rubrica | B104: % | C104: VALOR
A105: 3.3.1. Licença Maternidade | B105: 0.0007 | C105: =TRUNC(ROUND($C$68*B105,2),2) -> 2.17 | D105: Conforme CCT - RS002241/2025
A106: 3.3.2. Incidência do 3.1 sobre afastamento maternidade | B106: 0.0003 | C106: =TRUNC(ROUND($C$68*B106,2),2) -> 0.93 | D106: Conforme CCT - RS002241/2025
A107: TOTAL DO SUBMÓDULO 3.3 | B107: =B105+B106 -> 0.001 | C107: =SUM(C105:C106) -> 3.1
A109: SUBMÓDULO 3.4: PROVISÃO PARA RESCISÃO | D109: COMENTÁRIO
A110: Rubrica | B110: % | C110: VALOR
A111: 3.4.1. Aviso Prévio Indenizado 2 | B111: 0.0264 | C111: =TRUNC(ROUND($C$68*B111,2),2) -> 81.72 | D111: Conforme CCT - RS002241/2025
...

Sheet GERAL-12N
A1: ='GERAL-12D'!A1 -> PROPOSTA_SPAC_VIGIL01
A2: OBJETO DA LICITAÇÃO: | C2: GERAL 12N | D2: COMENTÁRIO
A3: Horário de trabalho | C3: DIURNO
A4: Escala | C4: 12x36
A5: Qtd de dias de trabalho na semana | C5: 3.5
A6: Média de dias trabalhados por empregado no mês | C6: 15
A7: Quantidade horas noturnas diárias | C7: 7 | D7: O artigo 73 da CLT, para o trabalho executado entre as 22 horas de um dia e as 5 horas do dia seguinte conf. §2°
A8: Quantidade horas diurnas | C8: 12
A9: Quantidade horas diárias do posto | C9: 12
A10: Quantidade horas extras mensais | C10: 0
A11: Limite de horas mensais com RSR (Repouso Salarial Remunerado)* | C11: 220 | D11: CLÁUSULA TERCEIRA - SALÁRIOS PROFISSIONAIS
A12: Horas de trabalho no mês com RSR | C12: 220
A13: POSTO | C13: Vigia Noturno
A14: Intervalo Intrajornada (Será concedido? sim/não) | C14: 235.2 | D14: CCT - Valor da hora intervalar de R$ 15,68 x 15 = 235,20 Cobrir 1 hora diária por plantão durante o horário do almoço, sem abandono do posto.
A15: Número de meses da execucao contratual | C15: 60
A16: Categoria Profissional | C16: SINDVIGILANTES
A17: CBO * | C17: 5173-30 | D17: Agente monitoramento, Operador de Vídeo
A18: Registro da CCT no MTE: * | C18: RS000776/2026 | D18: CCT
A19: Data base da categoria * | C19: 01/02 | D19: 01º de fevereiro de 2026 a 31 de janeiro de 2027
A20: Valor do salário normativo * | C20: 2211 | D20: CLÁUSULA TERCEIRA - SALÁRIOS PROFISSIONAIS
A21: Base de Cálculo para Insalubridade | C21: -
A22: Custo Unitário Transporte | C22: 5.3
A23: Custo Unitário Transporte | C23: 0.06 | D23: LEI No 7.418, DE 16 DE DEZEMBRO DE 1985 Art. 4 Parágrafo único
A24: Quantidade de vale transporte mês | C24: =C6*2 -> 30
A25: Custo Unitário Alimentação/Lanche CCT * | C25: 33 | D25: CLÁUSULA DÉCIMA QUINTA - AUXÍLIO ALIMENTAÇÃO
A26: % Descontado do empregado alimentação CCT * | C26: 0.2
A27: Quantidade de vale alimentação mês | C27: =C6 -> 15
A28: 2.3. Custo Unitário Assistencia médica * | C28: 0
A29: 2.4. Custo Unitário PLANO DE BENEFÍCIO FAMILIAR * | C29: 0
A30: 2.5. Custo Unitário Exames médicos/laudos segurança do trabalho | C30: 0
A31: 1.2. Hora extra | C31: 0.5
A32: 1.3. Adicional Noturno | C32: 0.2
A33: 1.5. Adicional Insalubridade | C33: 0
A34: 1.6. Adicional Periculosidade | C34: 0.3 | D34: Tribunal Regional do Trabalho da 1ª Região TRT-1 - RECURSO ORDINÁRIO: RO XXXXX20155010030 RJ ADICIONAL DE PERICULOSIDADE. VIGILANTE. ATIVIDADE COMPREENDIDA NO ART. 193, II, DA CLT. Fazem jus ao adicional de periculosidade equivalente a 30% do efetivo salário os trabalhadores em atividades profissionais de segurança pessoal ou patrimonial, em razão da exposição a risco de roubos ou outras espécies de violência …
A35: 1.7. Gratificação de Função | C35: 0
A36: 1.9. Adicional de troca de uniforme | C36: 1.67
A37: 1.91. Prêmio assiduidade | C37: 80 | D37: Valores referentes a Cláusula 14º da CCT. Não fará jus ao prêmio assiduidade quem apresentar falta, atraso, saída antes do fim de jornada, ausência (ainda que justificada ou abonada), punição disciplinar, atestado médico ou declaração de comparecimento
A38: 1.92. Reciclagem/formação continuada (Lei 14.967/24) | C38: 75.41 | D38: Valor Cláusula Décima Sexta - Treinamento
A39: 1.93. Custeio da Aprendizagem | C39: 96.61 | D39: Valores referentes a Cláusula 26º da CCT. §10.
A40: 3.1.6. RAT Ajustado (RAT x FAP ) | C40: 0.018
A41: * Nota: Itens com fundo verde que geralmente estão disponibilizados na CCT
A44: VALORES PARA UM EMPREGADO | D44: COMENTÁRIO
A45: Limite de horas mensais com RSR | C45: =C11 -> 220
A46: Horas de trabalho no mês com RSR | C46: =C12 -> 220
A47: Quantidade horas extras | C47: =C10 -> 0
A48: Salário hora | C48: =C20/C45 -> 10.05
A49: Salário hora com Gratificação de Função risco de vida | C49: =C48*(1+B60+B59+B61) -> 13.065
A50: Hora adicional noturno | C50: =C49*C32 -> 2.613
A52: PLANILHA DE CUSTOS | D52: COMENTÁRIO
A53: MÓDULO 1: COMPOSIÇÃO DA REMUNERAÇÃO
A54: REMUNERAÇÃO | B54: % | C54: VALOR
A55: 1.1. Salário Base | C55: =IF(C46<C45,(C48*C46),C20) -> 2211
A56: 1.2. Hora extra | B56: =C31 -> 0.5 | C56: =C49*C47*(1+B56) -> 0 | D56: Artigo 7º, XVI da CF
A57: 1.3. Adicional Noturno | B57: =C32 -> 0.2 | C57: =ROUND(((C7*C6)*C50),2) -> 274.37 | D57: O artigo 73 da CLT, 20% de acréscimo para o trabalho executado entre as 22 horas de um dia e as 5 horas do dia seguinte conf. §2°
A58: 1.4. Valor Hora Noturna Reduzida | C58: =TRUNC(ROUND((C7*C6)*((60/52.5)-1)*((C55+C59+C60)/C46)*1.2,2),2) -> 235.17 | D58: Qtde. de horas noturnas x qtde de dias laborados a noite x 0,142857 x (Salário base + adicionais periculosidade/insalubridade) ÷ total de horas mensais x 1,2
A59: 1.5. Adicional Insalubridade | B59: =C33 -> 0 | C59: =C20*B59 -> 0 | D59: O artigo 192 da CLT determina que o cálculo do adicional de insalubridade é feito com base no salário-mínimo — ou seja, ele não é relacionado ao salário do trabalhador. Porém, o adicional pode ser calculado sobre o piso da categoria em casos determinados por convenção coletiva.
A60: 1.6. Adicional Periculosidade | B60: =C34 -> 0.3 | C60: =TRUNC(ROUND(B60*C55,2),2) -> 663.3 | D60: SÚMULA Nº 191 - ADICIONAL. PERICULOSIDADE. INCIDÊNCIA O adicional de periculosidade incide apenas sobre o salário básico e não sobre este acrescido de outros adicionais.
A61: 1.7. Gratificação de Função | B61: =C35 -> 0 | C61: =C55*B61 -> 0
A62: 1.8. RSR s/ Adicional Noturno, Hora Noturna Reduzida | C62: =TRUNC(ROUND((C56+C57+C58)*20%,2),2) -> 101.91 | D62: RSR - Repouso Semanal Remunerado.
A63: =A36 -> 1.9. Adicional de troca de uniforme | C63: =C36*C6 -> 25.05
A66: Valor do Intervalor Intrajornada Indenizado | C66: =IF(ISNUMBER(C14),C14,0) -> 235.2
A67: TOTAL DA REMUNERAÇÃO | C67: =SUM(C55:C66) -> 3746
A68: TOTAL DO MÓDULO 1 | C68: =C67 -> 3746
A70: MÓDULO 2: BENEFÍCIOS MENSAIS E DIÁRIOS | D70: COMENTÁRIO
A71: BENEFÍCIOS | B71: % sobre remuneração | C71: VALOR
A72: 2.1. Vale-transporte * | B72: =C72/C68 -> 0.0070315003 | C72: =TRUNC(ROUND(((C22*C24)-(C55*C23)),2),2) -> 26.34 | D72: = Valor Integral de todas as passagens - a parte paga pelo funcionário (SALÁRIO BASE * % de desconto do funcionário)
A73: 2.2. Auxílio alimentação/Cesta básica/Vale Lanche * | B73: =C73/C$68 -> 0.10571276 | C73: =TRUNC(ROUND((C25*C27)*(100%-C26),2),2) -> 396 | D73: = Valor integral do Auxílio - a parte paga pelo funcionário
A74: 2.3. Assistencia médica | B74: =C74/C$68 -> 0 | C74: =C28/12 -> 0
A75: 2.4. Plano de Benefício Familiar | B75: =C75/C$68 -> 0 | C75: =C29 -> 0
A76: 2.5. Exames médicos/ Laudos segurança do trabalho | B76: =C76/C$68 -> 0 | C76: =C30/12 -> 0
A77: TOTAL DO MÓDULO 2 | B77: =SUM(B72:B76) -> 0.11274426 | C77: =SUM(C72:C76) -> 422.34
A78: * Nota: O valor informado deverá ser o custo real do benefício (descontado o valor eventualmente pago pelo empregado).
A81: MÓDULO 3: ENCARGOS SOCIAIS E TRABALHISTAS | D81: COMENTÁRIO
A82: SUBMÓDULO 3.1 Encargos Previdenciários e FGTS
A83: Rubrica | B83: % | C83: VALOR
A84: 3.1.1. INSS | B84: 0.2 | C84: =TRUNC(ROUND($C$68*B84,2),2) -> 749.2 | D84: Conforme CCT - RS002241/2025
A85: 3.1.2. SESI/SESC | B85: 0.015 | C85: =TRUNC(ROUND($C$68*B85,2),2) -> 56.19 | D85: Conforme CCT - RS002241/2025
A86: 3.1.3. INCRA | B86: 0.002 | C86: =TRUNC(ROUND($C$68*B86,2),2) -> 7.49 | D86: Conforme CCT - RS002241/2025
A87: 3.1.4. SENAI/SENAC | B87: 0.01 | C87: =TRUNC(ROUND($C$68*B87,2),2) -> 37.46 | D87: Conforme CCT - RS002241/2025
A88: 3.1.5. Salário Educação | B88: 0.025 | C88: =TRUNC(ROUND($C$68*B88,2),2) -> 93.65 | D88: Conforme CCT - RS002241/2025
A89: 3.1.6. RAT Ajustado (RAT x FAP ) | B89: =C40 -> 0.018 | C89: =TRUNC(ROUND($C$68*B89,2),2) -> 67.43 | D89: Conforme CCT - RS002241/2025
A90: 3.1.7. FGTS | B90: 0.08 | C90: =TRUNC(ROUND($C$68*B90,2),2) -> 299.68 | D90: Conforme CCT - RS002241/2025
A91: 3.1.8. SEBRAE | B91: 0.006 | C91: =TRUNC(ROUND($C$68*B91,2),2) -> 22.48 | D91: Conforme CCT - RS002241/2025
A92: 3.1.9. SAT (Seguro contra acidade de trabalho) | B92: 0.03 | C92: =TRUNC(ROUND($C$68*B92,2),2) -> 112.38 | D92: Conforme CCT - RS002241/2025
A93: TOTAL DO SUBMÓDULO 3.1 | B93: =SUM(B84:B92) -> 0.386 | C93: =SUM(C84:C92) -> 1445.96
A95: SUBMÓDULO 3.2: 13º SALÁRIO E ADICIONAL DE FÉRIAS | D95: COMENTÁRIO
A96: Rubrica | B96: % | C96: VALOR
A97: 3.2.1. Adicional de Férias | B97: =C97/C68 -> 0.027778964 | C97: =TRUNC(ROUND(($C$68/3)/12,2),2) -> 104.06 | D97: Conforme CCT - RS002241/2025
A98: 3.2.2. 13º salário | B98: 0.0833 | C98: =TRUNC(ROUND($C$68*B98,2),2) -> 312.04 | D98: Conforme CCT - RS002241/2025
A99: Subtotal | B99: =B97+B98 -> 0.11107896 | C99: =SUM(C97:C98) -> 416.1
A100: 3.2.3. Incidência do submódulo 3.1 sobre 13º salário e adicional de férias | B100: =B99*B93 -> 0.04287648 | C100: =TRUNC(ROUND($C$68*B100,2),2) -> 160.62 | D100: Conforme CCT - RS002241/2025
A101: TOTAL DO SUBMÓDULO 3.2 | B101: =B99+B100 -> 0.15395544 | C101: =SUM(C99:C100) -> 576.72
A103: SUBMÓDULO 3.3: AFASTAMENTO MATERNIDADE | D103: COMENTÁRIO
A104: Rubrica | B104: % | C104: VALOR
A105: 3.3.1. Licença Maternidade | B105: 0.0007 | C105: =TRUNC(ROUND($C$68*B105,2),2) -> 2.62 | D105: Conforme CCT - RS002241/2025
A106: 3.3.2. Incidência do 3.1 sobre afastamento maternidade | B106: 0.0003 | C106: =TRUNC(ROUND($C$68*B106,2),2) -> 1.12 | D106: Conforme CCT - RS002241/2025
A107: TOTAL DO SUBMÓDULO 3.3 | B107: =B105+B106 -> 0.001 | C107: =SUM(C105:C106) -> 3.74
A109: SUBMÓDULO 3.4: PROVISÃO PARA RESCISÃO | D109: COMENTÁRIO
A110: Rubrica | B110: % | C110: VALOR
A111: 3.4.1. Aviso Prévio Indenizado 2 | B111: 0.0264 | C111: =TRUNC(ROUND($C$68*B111,2),2) -> 98.89 | D111: Conforme CCT - RS002241/2025
...

Sheet LÍDER-12D
A1: ='GERAL-12D'!A1 -> PROPOSTA_SPAC_VIGIL01
A2: OBJETO DA LICITAÇÃO: | C2: LIDER 12D | D2: COMENTÁRIO
A3: Horário de trabalho | C3: DIURNO
A4: Escala | C4: 12x36
A5: Qtd de dias de trabalho na semana | C5: 3.5
A6: Média de dias trabalhados por empregado no mês | C6: 15
A7: Quantidade horas noturnas diárias | C7: 0 | D7: O artigo 73 da CLT, para o trabalho executado entre as 22 horas de um dia e as 5 horas do dia seguinte conf. §2°
A8: Quantidade horas diurnas | C8: 12
A9: Quantidade horas diárias do posto | C9: 12
A10: Quantidade horas extras mensais | C10: 0
A11: Limite de horas mensais com RSR (Repouso Salarial Remunerado)* | C11: 220 | D11: CLÁUSULA TERCEIRA - SALÁRIOS PROFISSIONAIS
A12: Horas de trabalho no mês com RSR | C12: 220
A13: POSTO | C13: LÍDER Diurno
A14: Intervalo Intrajornada (Será concedido? sim/não) | C14: Sim
A15: Número de meses da execucao contratual | C15: 60
A16: Categoria Profissional | C16: SINDVIGILANTES
A17: CBO * | C17: 5173-30 | D17: Agente monitoramento, Operador de Vídeo
A18: Registro da CCT no MTE: * | C18: RS000776/2026 | D18: CCT
A19: Data base da categoria * | C19: 01/02 | D19: 01º de fevereiro de 2026 a 31 de janeiro de 2027
A20: Valor do salário normativo * | C20: 2211 | D20: CLÁUSULA TERCEIRA - SALÁRIOS PROFISSIONAIS
A21: Base de Cálculo para Insalubridade | C21: -
A22: Custo Unitário Transporte | C22: 5.3
A23: Custo Unitário Transporte | C23: 0.06 | D23: LEI No 7.418, DE 16 DE DEZEMBRO DE 1985 Art. 4 Parágrafo único
A24: Quantidade de vale transporte mês | C24: =C6*2 -> 30
A25: Custo Unitário Alimentação/Lanche CCT * | C25: 33 | D25: CLÁUSULA DÉCIMA QUINTA - AUXÍLIO ALIMENTAÇÃO
A26: % Descontado do empregado alimentação CCT * | C26: 0.2
A27: Quantidade de vale alimentação mês | C27: =C6 -> 15
A28: 2.3. Custo Unitário Assistencia médica * | C28: 0
A29: 2.4. Custo Unitário PLANO DE BENEFÍCIO FAMILIAR * | C29: 0
A30: 2.5. Custo Unitário Exames médicos/laudos segurança do trabalho | C30: 0
A31: 1.2. Hora extra | C31: 0.5
A32: 1.3. Adicional Noturno | C32: 0.2
A33: 1.5. Adicional Insalubridade | C33: 0
A34: 1.6. Adicional Periculosidade | C34: 0.3 | D34: Tribunal Regional do Trabalho da 1ª Região TRT-1 - RECURSO ORDINÁRIO: RO XXXXX20155010030 RJ ADICIONAL DE PERICULOSIDADE. VIGILANTE. ATIVIDADE COMPREENDIDA NO ART. 193, II, DA CLT. Fazem jus ao adicional de periculosidade equivalente a 30% do efetivo salário os trabalhadores em atividades profissionais de segurança pessoal ou patrimonial, em razão da exposição a risco de roubos ou outras espécies de violência …
A35: 1.7. Gratificação de Função | C35: 0.2
A36: 1.9. Adicional de troca de uniforme | C36: 1.67
A37: 1.91. Prêmio assiduidade | C37: 80 | D37: Valores referentes a Cláusula 14º da CCT. Não fará jus ao prêmio assiduidade quem apresentar falta, atraso, saída antes do fim de jornada, ausência (ainda que justificada ou abonada), punição disciplinar, atestado médico ou declaração de comparecimento
A38: 1.92. Reciclagem/formação continuada (Lei 14.967/24) | C38: 75.41 | D38: Valor Cláusula Décima Sexta - Treinamento
A39: 1.93. Custeio da Aprendizagem | C39: 96.61 | D39: Valores referentes a Cláusula 26º da CCT. §10.
A40: 3.1.6. RAT Ajustado (RAT x FAP ) | C40: 0.018
A41: * Nota: Itens com fundo verde que geralmente estão disponibilizados na CCT
A44: VALORES PARA UM EMPREGADO | D44: COMENTÁRIO
A45: Limite de horas mensais com RSR | C45: =C11 -> 220
A46: Horas de trabalho no mês com RSR | C46: =C12 -> 220
A47: Quantidade horas extras | C47: =C10 -> 0
A48: Salário hora | C48: =C20/C45 -> 10.05
A49: Salário hora com Gratificação de Função risco de vida | C49: =C48*(1+B60+B59+B61) -> 15.075
A50: Hora adicional noturno | C50: =C49*C32 -> 3.015
A52: PLANILHA DE CUSTOS | D52: COMENTÁRIO
A53: MÓDULO 1: COMPOSIÇÃO DA REMUNERAÇÃO
A54: REMUNERAÇÃO | B54: % | C54: VALOR
A55: 1.1. Salário Base | C55: =IF(C46<C45,(C48*C46),C20) -> 2211
A56: 1.2. Hora extra | B56: =C31 -> 0.5 | C56: =C49*C47*(1+B56) -> 0 | D56: Artigo 7º, XVI da CF
A57: 1.3. Adicional Noturno | B57: =C32 -> 0.2 | C57: =ROUND(((C7*C6)*C50),2) -> 0 | D57: O artigo 73 da CLT, 20% de acréscimo para o trabalho executado entre as 22 horas de um dia e as 5 horas do dia seguinte conf. §2°
A58: 1.4. Valor Hora Noturna Reduzida | C58: =TRUNC(ROUND((C7*C6)*((60/52.5)-1)*((C55+C59+C60)/C46)*1.2,2),2) -> 0 | D58: Qtde. de horas noturnas x qtde de dias laborados a noite x 0,142857 x (Salário base + adicionais periculosidade/insalubridade) ÷ total de horas mensais x 1,2
A59: 1.5. Adicional Insalubridade | B59: =C33 -> 0 | C59: =C20*B59 -> 0 | D59: O artigo 192 da CLT determina que o cálculo do adicional de insalubridade é feito com base no salário-mínimo — ou seja, ele não é relacionado ao salário do trabalhador. Porém, o adicional pode ser calculado sobre o piso da categoria em casos determinados por convenção coletiva.
A60: 1.6. Adicional Periculosidade | B60: =C34 -> 0.3 | C60: =TRUNC(ROUND(B60*C55,2),2) -> 663.3 | D60: SÚMULA Nº 191 - ADICIONAL. PERICULOSIDADE. INCIDÊNCIA O adicional de periculosidade incide apenas sobre o salário básico e não sobre este acrescido de outros adicionais.
A61: 1.7. Gratificação de Função | B61: =C35 -> 0.2 | C61: =C55*B61 -> 442.2
A62: 1.8. RSR s/ Adicional Noturno, Hora Noturna Reduzida | C62: =TRUNC(ROUND((C56+C57+C58)*20%,2),2) -> 0 | D62: RSR - Repouso Semanal Remunerado.
A63: =A36 -> 1.9. Adicional de troca de uniforme | C63: =C36*C6 -> 25.05
A66: Valor do Intervalor Intrajornada Indenizado | C66: =IF(ISNUMBER(C14),C14,0) -> 0
A67: TOTAL DA REMUNERAÇÃO | C67: =SUM(C55:C66) -> 3341.55
A68: TOTAL DO MÓDULO 1 | C68: =C67 -> 3341.55
A70: MÓDULO 2: BENEFÍCIOS MENSAIS E DIÁRIOS | D70: COMENTÁRIO
A71: BENEFÍCIOS | B71: % sobre remuneração | C71: VALOR
A72: 2.1. Vale-transporte * | B72: =C72/C68 -> 0.0078825695 | C72: =TRUNC(ROUND(((C22*C24)-(C55*C23)),2),2) -> 26.34 | D72: = Valor Integral de todas as passagens - a parte paga pelo funcionário (SALÁRIO BASE * % de desconto do funcionário)
A73: 2.2. Auxílio alimentação/Cesta básica/Vale Lanche * | B73: =C73/C$68 -> 0.11850788 | C73: =TRUNC(ROUND((C25*C27)*(100%-C26),2),2) -> 396 | D73: = Valor integral do Auxílio - a parte paga pelo funcionário
A74: 2.3. Assistencia médica | B74: =C74/C$68 -> 0 | C74: =C28/12 -> 0
A75: 2.4. Plano de Benefício Familiar | B75: =C75/C$68 -> 0 | C75: =C29 -> 0
A76: 2.5. Exames médicos/ Laudos segurança do trabalho | B76: =C76/C$68 -> 0 | C76: =C30/12 -> 0
A77: TOTAL DO MÓDULO 2 | B77: =SUM(B72:B76) -> 0.12639045 | C77: =SUM(C72:C76) -> 422.34
A78: * Nota: O valor informado deverá ser o custo real do benefício (descontado o valor eventualmente pago pelo empregado).
A81: MÓDULO 3: ENCARGOS SOCIAIS E TRABALHISTAS | D81: COMENTÁRIO
A82: SUBMÓDULO 3.1 Encargos Previdenciários e FGTS
A83: Rubrica | B83: % | C83: VALOR
A84: 3.1.1. INSS | B84: 0.2 | C84: =TRUNC(ROUND($C$68*B84,2),2) -> 668.31 | D84: Conforme CCT - RS002241/2025
A85: 3.1.2. SESI/SESC | B85: 0.015 | C85: =TRUNC(ROUND($C$68*B85,2),2) -> 50.12 | D85: Conforme CCT - RS002241/2025
A86: 3.1.3. INCRA | B86: 0.002 | C86: =TRUNC(ROUND($C$68*B86,2),2) -> 6.68 | D86: Conforme CCT - RS002241/2025
A87: 3.1.4. SENAI/SENAC | B87: 0.01 | C87: =TRUNC(ROUND($C$68*B87,2),2) -> 33.42 | D87: Conforme CCT - RS002241/2025
A88: 3.1.5. Salário Educação | B88: 0.025 | C88: =TRUNC(ROUND($C$68*B88,2),2) -> 83.54 | D88: Conforme CCT - RS002241/2025
A89: 3.1.6. RAT Ajustado (RAT x FAP ) | B89: =C40 -> 0.018 | C89: =TRUNC(ROUND($C$68*B89,2),2) -> 60.15 | D89: Conforme CCT - RS002241/2025
A90: 3.1.7. FGTS | B90: 0.08 | C90: =TRUNC(ROUND($C$68*B90,2),2) -> 267.32 | D90: Conforme CCT - RS002241/2025
A91: 3.1.8. SEBRAE | B91: 0.006 | C91: =TRUNC(ROUND($C$68*B91,2),2) -> 20.05 | D91: Conforme CCT - RS002241/2025
A92: 3.1.9. SAT (Seguro contra acidade de trabalho) | B92: 0.03 | C92: =TRUNC(ROUND($C$68*B92,2),2) -> 100.25 | D92: Conforme CCT - RS002241/2025
A93: TOTAL DO SUBMÓDULO 3.1 | B93: =SUM(B84:B92) -> 0.386 | C93: =SUM(C84:C92) -> 1289.84
A95: SUBMÓDULO 3.2: 13º SALÁRIO E ADICIONAL DE FÉRIAS | D95: COMENTÁRIO
A96: Rubrica | B96: % | C96: VALOR
A97: 3.2.1. Adicional de Férias | B97: =C97/C68 -> 0.027777528 | C97: =TRUNC(ROUND(($C$68/3)/12,2),2) -> 92.82 | D97: Conforme CCT - RS002241/2025
A98: 3.2.2. 13º salário | B98: 0.0833 | C98: =TRUNC(ROUND($C$68*B98,2),2) -> 278.35 | D98: Conforme CCT - RS002241/2025
A99: Subtotal | B99: =B97+B98 -> 0.11107753 | C99: =SUM(C97:C98) -> 371.17
A100: 3.2.3. Incidência do submódulo 3.1 sobre 13º salário e adicional de férias | B100: =B99*B93 -> 0.042875926 | C100: =TRUNC(ROUND($C$68*B100,2),2) -> 143.27 | D100: Conforme CCT - RS002241/2025
A101: TOTAL DO SUBMÓDULO 3.2 | B101: =B99+B100 -> 0.15395345 | C101: =SUM(C99:C100) -> 514.44
A103: SUBMÓDULO 3.3: AFASTAMENTO MATERNIDADE | D103: COMENTÁRIO
A104: Rubrica | B104: % | C104: VALOR
A105: 3.3.1. Licença Maternidade | B105: 0.0007 | C105: =TRUNC(ROUND($C$68*B105,2),2) -> 2.34 | D105: Conforme CCT - RS002241/2025
A106: 3.3.2. Incidência do 3.1 sobre afastamento maternidade | B106: 0.0003 | C106: =TRUNC(ROUND($C$68*B106,2),2) -> 1 | D106: Conforme CCT - RS002241/2025
A107: TOTAL DO SUBMÓDULO 3.3 | B107: =B105+B106 -> 0.001 | C107: =SUM(C105:C106) -> 3.34
A109: SUBMÓDULO 3.4: PROVISÃO PARA RESCISÃO | D109: COMENTÁRIO
A110: Rubrica | B110: % | C110: VALOR
A111: 3.4.1. Aviso Prévio Indenizado 2 | B111: 0.0264 | C111: =TRUNC(ROUND($C$68*B111,2),2) -> 88.22 | D111: Conforme CCT - RS002241/2025
...

Sheet MONITOR-12D
A1: ='GERAL-12D'!A1 -> PROPOSTA_SPAC_VIGIL01
A2: OBJETO DA LICITAÇÃO: | C2: MONITOR 12D | D2: COMENTÁRIO
A3: Horário de trabalho | C3: DIURNO
A4: Escala | C4: 12x36
A5: Qtd de dias de trabalho na semana | C5: 3.5
A6: Média de dias trabalhados por empregado no mês | C6: 15
A7: Quantidade horas noturnas diárias | C7: 0 | D7: O artigo 73 da CLT, para o trabalho executado entre as 22 horas de um dia e as 5 horas do dia seguinte conf. §2°
A8: Quantidade horas diurnas | C8: 12
A9: Quantidade horas diárias do posto | C9: 12
A10: Quantidade horas extras mensais | C10: 0
A11: Limite de horas mensais com RSR (Repouso Salarial Remunerado)* | C11: 220 | D11: CLÁUSULA TERCEIRA - SALÁRIOS PROFISSIONAIS
A12: Horas de trabalho no mês com RSR | C12: 220
A13: POSTO | C13: Monitor Diurno
A14: Intervalo Intrajornada (Será concedido? sim/não) | C14: Sim
A15: Número de meses da execucao contratual | C15: 60
A16: Categoria Profissional | C16: SINDVIGILANTES
A17: CBO * | C17: 5174-20 | D17: Agente monitoramento, Operador de Vídeo
A18: Registro da CCT no MTE: * | C18: RS000776/2026 | D18: CCT
A19: Data base da categoria * | C19: 01/02 | D19: 01º de fevereiro de 2026 a 31 de janeiro de 2027
A20: Valor do salário normativo * | C20: 1938.2 | D20: CLÁUSULA TERCEIRA - SALÁRIOS PROFISSIONAIS
A21: Base de Cálculo para Insalubridade | C21: -
A22: Custo Unitário Transporte | C22: 5.3
A23: Custo Unitário Transporte | C23: 0.06 | D23: LEI No 7.418, DE 16 DE DEZEMBRO DE 1985 Art. 4 Parágrafo único
A24: Quantidade de vale transporte mês | C24: =C6*2 -> 30
A25: Custo Unitário Alimentação/Lanche CCT * | C25: 33 | D25: CLÁUSULA DÉCIMA QUINTA - AUXÍLIO ALIMENTAÇÃO
A26: % Descontado do empregado alimentação CCT * | C26: 0.2
A27: Quantidade de vale alimentação mês | C27: =C6 -> 15
A28: 2.3. Custo Unitário Assistencia médica * | C28: 0
A29: 2.4. Custo Unitário PLANO DE BENEFÍCIO FAMILIAR * | C29: 0
A30: 2.5. Custo Unitário Exames médicos/laudos segurança do trabalho | C30: 0
A31: 1.2. Hora extra | C31: 0.5
A32: 1.3. Adicional Noturno | C32: 0.2
A33: 1.5. Adicional Insalubridade | C33: 0
A34: 1.6. Adicional Periculosidade | C34: 0.3 | D34: Tribunal Regional do Trabalho da 1ª Região TRT-1 - RECURSO ORDINÁRIO: RO XXXXX20155010030 RJ ADICIONAL DE PERICULOSIDADE. VIGILANTE. ATIVIDADE COMPREENDIDA NO ART. 193, II, DA CLT. Fazem jus ao adicional de periculosidade equivalente a 30% do efetivo salário os trabalhadores em atividades profissionais de segurança pessoal ou patrimonial, em razão da exposição a risco de roubos ou outras espécies de violência …
A35: 1.7. Gratificação de Função | C35: 0
A36: 1.9. Adicional de troca de uniforme | C36: 0
A37: 1.91. Prêmio assiduidade | C37: 80 | D37: Valores referentes a Cláusula 14º da CCT. Não fará jus ao prêmio assiduidade quem apresentar falta, atraso, saída antes do fim de jornada, ausência (ainda que justificada ou abonada), punição disciplinar, atestado médico ou declaração de comparecimento
A38: 1.92. Reciclagem/formação continuada (Lei 14.967/24) | C38: 75.41 | D38: Valor Cláusula Décima Sexta - Treinamento
A39: 1.93. Custeio da Aprendizagem | C39: 96.61 | D39: Valores referentes a Cláusula 26º da CCT. §10.
A40: 3.1.6. RAT Ajustado (RAT x FAP ) | C40: 0.018
A41: * Nota: Itens com fundo verde que geralmente estão disponibilizados na CCT
A44: VALORES PARA UM EMPREGADO | D44: COMENTÁRIO
A45: Limite de horas mensais com RSR | C45: =C11 -> 220
A46: Horas de trabalho no mês com RSR | C46: =C12 -> 220
A47: Quantidade horas extras | C47: =C10 -> 0
A48: Salário hora | C48: =C20/C45 -> 8.81
A49: Salário hora com Gratificação de Função risco de vida | C49: =C48*(1+B60+B59+B61) -> 11.453
A50: Hora adicional noturno | C50: =C49*C32 -> 2.2906
A52: PLANILHA DE CUSTOS | D52: COMENTÁRIO
A53: MÓDULO 1: COMPOSIÇÃO DA REMUNERAÇÃO
A54: REMUNERAÇÃO | B54: % | C54: VALOR
A55: 1.1. Salário Base | C55: =IF(C46<C45,(C48*C46),C20) -> 1938.2
A56: 1.2. Hora extra | B56: =C31 -> 0.5 | C56: =C49*C47*(1+B56) -> 0 | D56: Artigo 7º, XVI da CF
A57: 1.3. Adicional Noturno | B57: =C32 -> 0.2 | C57: =ROUND(((C7*C6)*C50),2) -> 0 | D57: O artigo 73 da CLT, 20% de acréscimo para o trabalho executado entre as 22 horas de um dia e as 5 horas do dia seguinte conf. §2°
A58: 1.4. Valor Hora Noturna Reduzida | C58: =TRUNC(ROUND((C7*C6)*((60/52.5)-1)*((C55+C59+C60)/C46)*1.2,2),2) -> 0 | D58: Qtde. de horas noturnas x qtde de dias laborados a noite x 0,142857 x (Salário base + adicionais periculosidade/insalubridade) ÷ total de horas mensais x 1,2
A59: 1.5. Adicional Insalubridade | B59: =C33 -> 0 | C59: =C20*B59 -> 0 | D59: O artigo 192 da CLT determina que o cálculo do adicional de insalubridade é feito com base no salário-mínimo — ou seja, ele não é relacionado ao salário do trabalhador. Porém, o adicional pode ser calculado sobre o piso da categoria em casos determinados por convenção coletiva.
A60: 1.6. Adicional Periculosidade | B60: =C34 -> 0.3 | C60: =TRUNC(ROUND(B60*C55,2),2) -> 581.46 | D60: SÚMULA Nº 191 - ADICIONAL. PERICULOSIDADE. INCIDÊNCIA O adicional de periculosidade incide apenas sobre o salário básico e não sobre este acrescido de outros adicionais.
A61: 1.7. Gratificação de Função | B61: =C35 -> 0 | C61: =C55*B61 -> 0
A62: 1.8. RSR s/ Adicional Noturno, Hora Noturna Reduzida | C62: =TRUNC(ROUND((C56+C57+C58)*20%,2),2) -> 0 | D62: RSR - Repouso Semanal Remunerado.
A63: =A36 -> 1.9. Adicional de troca de uniforme | C63: =C36*C6 -> 0
A66: Valor do Intervalor Intrajornada Indenizado | C66: =IF(ISNUMBER(C14),C14,0) -> 0
A67: TOTAL DA REMUNERAÇÃO | C67: =SUM(C55:C66) -> 2519.66
A68: TOTAL DO MÓDULO 1 | C68: =C67 -> 2519.66
A70: MÓDULO 2: BENEFÍCIOS MENSAIS E DIÁRIOS | D70: COMENTÁRIO
A71: BENEFÍCIOS | B71: % sobre remuneração | C71: VALOR
A72: 2.1. Vale-transporte * | B72: =C72/C68 -> 0.0169507 | C72: =TRUNC(ROUND(((C22*C24)-(C55*C23)),2),2) -> 42.71 | D72: = Valor Integral de todas as passagens - a parte paga pelo funcionário (SALÁRIO BASE * % de desconto do funcionário)
A73: 2.2. Auxílio alimentação/Cesta básica/Vale Lanche * | B73: =C73/C$68 -> 0.15716406 | C73: =TRUNC(ROUND((C25*C27)*(100%-C26),2),2) -> 396 | D73: = Valor integral do Auxílio - a parte paga pelo funcionário
A74: 2.3. Assistencia médica | B74: =C74/C$68 -> 0 | C74: =C28/12 -> 0
A75: 2.4. Plano de Benefício Familiar | B75: =C75/C$68 -> 0 | C75: =C29 -> 0
A76: 2.5. Exames médicos/ Laudos segurança do trabalho | B76: =C76/C$68 -> 0 | C76: =C30/12 -> 0
A77: TOTAL DO MÓDULO 2 | B77: =SUM(B72:B76) -> 0.17411476 | C77: =SUM(C72:C76) -> 438.71
A78: * Nota: O valor informado deverá ser o custo real do benefício (descontado o valor eventualmente pago pelo empregado).
A81: MÓDULO 3: ENCARGOS SOCIAIS E TRABALHISTAS | D81: COMENTÁRIO
A82: SUBMÓDULO 3.1 Encargos Previdenciários e FGTS
A83: Rubrica | B83: % | C83: VALOR
A84: 3.1.1. INSS | B84: 0.2 | C84: =TRUNC(ROUND($C$68*B84,2),2) -> 503.93 | D84: Conforme CCT - RS002241/2025
A85: 3.1.2. SESI/SESC | B85: 0.015 | C85: =TRUNC(ROUND($C$68*B85,2),2) -> 37.79 | D85: Conforme CCT - RS002241/2025
A86: 3.1.3. INCRA | B86: 0.002 | C86: =TRUNC(ROUND($C$68*B86,2),2) -> 5.04 | D86: Conforme CCT - RS002241/2025
A87: 3.1.4. SENAI/SENAC | B87: 0.01 | C87: =TRUNC(ROUND($C$68*B87,2),2) -> 25.2 | D87: Conforme CCT - RS002241/2025
A88: 3.1.5. Salário Educação | B88: 0.025 | C88: =TRUNC(ROUND($C$68*B88,2),2) -> 62.99 | D88: Conforme CCT - RS002241/2025
A89: 3.1.6. RAT Ajustado (RAT x FAP ) | B89: =C40 -> 0.018 | C89: =TRUNC(ROUND($C$68*B89,2),2) -> 45.35 | D89: Conforme CCT - RS002241/2025
A90: 3.1.7. FGTS | B90: 0.08 | C90: =TRUNC(ROUND($C$68*B90,2),2) -> 201.57 | D90: Conforme CCT - RS002241/2025
A91: 3.1.8. SEBRAE | B91: 0.006 | C91: =TRUNC(ROUND($C$68*B91,2),2) -> 15.12 | D91: Conforme CCT - RS002241/2025
A92: 3.1.9. SAT (Seguro contra acidade de trabalho) | B92: 0.03 | C92: =TRUNC(ROUND($C$68*B92,2),2) -> 75.59 | D92: Conforme CCT - RS002241/2025
A93: TOTAL DO SUBMÓDULO 3.1 | B93: =SUM(B84:B92) -> 0.386 | C93: =SUM(C84:C92) -> 972.58
A95: SUBMÓDULO 3.2: 13º SALÁRIO E ADICIONAL DE FÉRIAS | D95: COMENTÁRIO
A96: Rubrica | B96: % | C96: VALOR
A97: 3.2.1. Adicional de Férias | B97: =C97/C68 -> 0.027777557 | C97: =TRUNC(ROUND(($C$68/3)/12,2),2) -> 69.99 | D97: Conforme CCT - RS002241/2025
A98: 3.2.2. 13º salário | B98: 0.0833 | C98: =TRUNC(ROUND($C$68*B98,2),2) -> 209.89 | D98: Conforme CCT - RS002241/2025
A99: Subtotal | B99: =B97+B98 -> 0.11107756 | C99: =SUM(C97:C98) -> 279.88
A100: 3.2.3. Incidência do submódulo 3.1 sobre 13º salário e adicional de férias | B100: =B99*B93 -> 0.042875937 | C100: =TRUNC(ROUND($C$68*B100,2),2) -> 108.03 | D100: Conforme CCT - RS002241/2025
A101: TOTAL DO SUBMÓDULO 3.2 | B101: =B99+B100 -> 0.15395349 | C101: =SUM(C99:C100) -> 387.91
A103: SUBMÓDULO 3.3: AFASTAMENTO MATERNIDADE | D103: COMENTÁRIO
A104: Rubrica | B104: % | C104: VALOR
A105: 3.3.1. Licença Maternidade | B105: 0.0007 | C105: =TRUNC(ROUND($C$68*B105,2),2) -> 1.76 | D105: Conforme CCT - RS002241/2025
A106: 3.3.2. Incidência do 3.1 sobre afastamento maternidade | B106: 0.0003 | C106: =TRUNC(ROUND($C$68*B106,2),2) -> 0.76 | D106: Conforme CCT - RS002241/2025
A107: TOTAL DO SUBMÓDULO 3.3 | B107: =B105+B106 -> 0.001 | C107: =SUM(C105:C106) -> 2.52
A109: SUBMÓDULO 3.4: PROVISÃO PARA RESCISÃO | D109: COMENTÁRIO
A110: Rubrica | B110: % | C110: VALOR
A111: 3.4.1. Aviso Prévio Indenizado 2 | B111: 0.0264 | C111: =TRUNC(ROUND($C$68*B111,2),2) -> 66.52 | D111: Conforme CCT - RS002241/2025
...

Sheet MONITOR-12N
A1: ='GERAL-12D'!A1 -> PROPOSTA_SPAC_VIGIL01
A2: OBJETO DA LICITAÇÃO: | C2: MONITOR 12N | D2: COMENTÁRIO
A3: Horário de trabalho | C3: DIURNO
A4: Escala | C4: 12x36
A5: Qtd de dias de trabalho na semana | C5: 3.5
A6: Média de dias trabalhados por empregado no mês | C6: 15
A7: Quantidade horas noturnas diárias | C7: 7 | D7: O artigo 73 da CLT, para o trabalho executado entre as 22 horas de um dia e as 5 horas do dia seguinte conf. §2°
A8: Quantidade horas diurnas | C8: 12
A9: Quantidade horas diárias do posto | C9: 12
A10: Quantidade horas extras mensais | C10: 0
A11: Limite de horas mensais com RSR (Repouso Salarial Remunerado)* | C11: 220 | D11: CLÁUSULA TERCEIRA - SALÁRIOS PROFISSIONAIS
A12: Horas de trabalho no mês com RSR | C12: 220
A13: POSTO | C13: Monitor Noturno
A14: Intervalo Intrajornada (Será concedido? sim/não) | C14: 206.1 | D14: CCT - Valor da hora intervalar de R$ 13,74 x 15 = 206,10 Cobrir 1 hora diária por plantão durante o horário do almoço, sem abandono do posto.
A15: Número de meses da execucao contratual | C15: 60
A16: Categoria Profissional | C16: SINDVIGILANTES
A17: CBO * | C17: 5174-20 | D17: Agente monitoramento, Operador de Vídeo
A18: Registro da CCT no MTE: * | C18: RS000776/2026 | D18: CCT
A19: Data base da categoria * | C19: 01/02 | D19: 01º de fevereiro de 2026 a 31 de janeiro de 2027
A20: Valor do salário normativo * | C20: 1938.2 | D20: CLÁUSULA TERCEIRA - SALÁRIOS PROFISSIONAIS
A21: Base de Cálculo para Insalubridade | C21: -
A22: Custo Unitário Transporte | C22: 5.3
A23: Custo Unitário Transporte | C23: 0.06 | D23: LEI No 7.418, DE 16 DE DEZEMBRO DE 1985 Art. 4 Parágrafo único
A24: Quantidade de vale transporte mês | C24: =C6*2 -> 30
A25: Custo Unitário Alimentação/Lanche CCT * | C25: 33 | D25: CLÁUSULA DÉCIMA QUINTA - AUXÍLIO ALIMENTAÇÃO
A26: % Descontado do empregado alimentação CCT * | C26: 0.2
A27: Quantidade de vale alimentação mês | C27: =C6 -> 15
A28: 2.3. Custo Unitário Assistencia médica * | C28: 0
A29: 2.4. Custo Unitário PLANO DE BENEFÍCIO FAMILIAR * | C29: 0
A30: 2.5. Custo Unitário Exames médicos/laudos segurança do trabalho | C30: 0
A31: 1.2. Hora extra | C31: 0.5
A32: 1.3. Adicional Noturno | C32: 0.2
A33: 1.5. Adicional Insalubridade | C33: 0
A34: 1.6. Adicional Periculosidade | C34: 0.3 | D34: Tribunal Regional do Trabalho da 1ª Região TRT-1 - RECURSO ORDINÁRIO: RO XXXXX20155010030 RJ ADICIONAL DE PERICULOSIDADE. VIGILANTE. ATIVIDADE COMPREENDIDA NO ART. 193, II, DA CLT. Fazem jus ao adicional de periculosidade equivalente a 30% do efetivo salário os trabalhadores em atividades profissionais de segurança pessoal ou patrimonial, em razão da exposição a risco de roubos ou outras espécies de violência …
A35: 1.7. Gratificação de Função | C35: 0
A36: 1.9. Adicional de troca de uniforme | C36: 0
A37: 1.91. Prêmio assiduidade | C37: 80 | D37: Valores referentes a Cláusula 14º da CCT. Não fará jus ao prêmio assiduidade quem apresentar falta, atraso, saída antes do fim de jornada, ausência (ainda que justificada ou abonada), punição disciplinar, atestado médico ou declaração de comparecimento
A38: 1.92. Reciclagem/formação continuada (Lei 14.967/24) | C38: 75.41 | D38: Valor Cláusula Décima Sexta - Treinamento
A39: 1.93. Custeio da Aprendizagem | C39: 96.61 | D39: Valores referentes a Cláusula 26º da CCT. §10.
A40: 3.1.6. RAT Ajustado (RAT x FAP ) | C40: 0.018
A41: * Nota: Itens com fundo verde que geralmente estão disponibilizados na CCT
A44: VALORES PARA UM EMPREGADO | D44: COMENTÁRIO
A45: Limite de horas mensais com RSR | C45: =C11 -> 220
A46: Horas de trabalho no mês com RSR | C46: =C12 -> 220
A47: Quantidade horas extras | C47: =C10 -> 0
A48: Salário hora | C48: =C20/C45 -> 8.81
A49: Salário hora com Gratificação de Função risco de vida | C49: =C48*(1+B60+B59+B61) -> 11.453
A50: Hora adicional noturno | C50: =C49*C32 -> 2.2906
A52: PLANILHA DE CUSTOS | D52: COMENTÁRIO
A53: MÓDULO 1: COMPOSIÇÃO DA REMUNERAÇÃO
A54: REMUNERAÇÃO | B54: % | C54: VALOR
A55: 1.1. Salário Base | C55: =IF(C46<C45,(C48*C46),C20) -> 1938.2
A56: 1.2. Hora extra | B56: =C31 -> 0.5 | C56: =C49*C47*(1+B56) -> 0 | D56: Artigo 7º, XVI da CF
A57: 1.3. Adicional Noturno | B57: =C32 -> 0.2 | C57: =ROUND(((C7*C6)*C50),2) -> 240.51 | D57: O artigo 73 da CLT, 20% de acréscimo para o trabalho executado entre as 22 horas de um dia e as 5 horas do dia seguinte conf. §2°
A58: 1.4. Valor Hora Noturna Reduzida | C58: =TRUNC(ROUND((C7*C6)*((60/52.5)-1)*((C55+C59+C60)/C46)*1.2,2),2) -> 206.15 | D58: Qtde. de horas noturnas x qtde de dias laborados a noite x 0,142857 x (Salário base + adicionais periculosidade/insalubridade) ÷ total de horas mensais x 1,2
A59: 1.5. Adicional Insalubridade | B59: =C33 -> 0 | C59: =C20*B59 -> 0 | D59: O artigo 192 da CLT determina que o cálculo do adicional de insalubridade é feito com base no salário-mínimo — ou seja, ele não é relacionado ao salário do trabalhador. Porém, o adicional pode ser calculado sobre o piso da categoria em casos determinados por convenção coletiva.
A60: 1.6. Adicional Periculosidade | B60: =C34 -> 0.3 | C60: =TRUNC(ROUND(B60*C55,2),2) -> 581.46 | D60: SÚMULA Nº 191 - ADICIONAL. PERICULOSIDADE. INCIDÊNCIA O adicional de periculosidade incide apenas sobre o salário básico e não sobre este acrescido de outros adicionais.
A61: 1.7. Gratificação de Função | B61: =C35 -> 0 | C61: =C55*B61 -> 0
A62: 1.8. RSR s/ Adicional Noturno, Hora Noturna Reduzida | C62: =TRUNC(ROUND((C56+C57+C58)*20%,2),2) -> 89.33 | D62: RSR - Repouso Semanal Remunerado.
A63: =A36 -> 1.9. Adicional de troca de uniforme | C63: =C36*C6 -> 0
A66: Valor do Intervalor Intrajornada Indenizado | C66: =IF(ISNUMBER(C14),C14,0) -> 206.1
A67: TOTAL DA REMUNERAÇÃO | C67: =SUM(C55:C66) -> 3261.75
A68: TOTAL DO MÓDULO 1 | C68: =C67 -> 3261.75
A70: MÓDULO 2: BENEFÍCIOS MENSAIS E DIÁRIOS | D70: COMENTÁRIO
A71: BENEFÍCIOS | B71: % sobre remuneração | C71: VALOR
A72: 2.1. Vale-transporte * | B72: =C72/C68 -> 0.013094198 | C72: =TRUNC(ROUND(((C22*C24)-(C55*C23)),2),2) -> 42.71 | D72: = Valor Integral de todas as passagens - a parte paga pelo funcionário (SALÁRIO BASE * % de desconto do funcionário)
A73: 2.2. Auxílio alimentação/Cesta básica/Vale Lanche * | B73: =C73/C$68 -> 0.12140722 | C73: =TRUNC(ROUND((C25*C27)*(100%-C26),2),2) -> 396 | D73: = Valor integral do Auxílio - a parte paga pelo funcionário
A74: 2.3. Assistencia médica | B74: =C74/C$68 -> 0 | C74: =C28/12 -> 0
A75: 2.4. Plano de Benefício Familiar | B75: =C75/C$68 -> 0 | C75: =C29 -> 0
A76: 2.5. Exames médicos/ Laudos segurança do trabalho | B76: =C76/C$68 -> 0 | C76: =C30/12 -> 0
A77: TOTAL DO MÓDULO 2 | B77: =SUM(B72:B76) -> 0.13450142 | C77: =SUM(C72:C76) -> 438.71
A78: * Nota: O valor informado deverá ser o custo real do benefício (descontado o valor eventualmente pago pelo empregado).
A81: MÓDULO 3: ENCARGOS SOCIAIS E TRABALHISTAS | D81: COMENTÁRIO
A82: SUBMÓDULO 3.1 Encargos Previdenciários e FGTS
A83: Rubrica | B83: % | C83: VALOR
A84: 3.1.1. INSS | B84: 0.2 | C84: =TRUNC(ROUND($C$68*B84,2),2) -> 652.35 | D84: Conforme CCT - RS002241/2025
A85: 3.1.2. SESI/SESC | B85: 0.015 | C85: =TRUNC(ROUND($C$68*B85,2),2) -> 48.93 | D85: Conforme CCT - RS002241/2025
A86: 3.1.3. INCRA | B86: 0.002 | C86: =TRUNC(ROUND($C$68*B86,2),2) -> 6.52 | D86: Conforme CCT - RS002241/2025
A87: 3.1.4. SENAI/SENAC | B87: 0.01 | C87: =TRUNC(ROUND($C$68*B87,2),2) -> 32.62 | D87: Conforme CCT - RS002241/2025
A88: 3.1.5. Salário Educação | B88: 0.025 | C88: =TRUNC(ROUND($C$68*B88,2),2) -> 81.54 | D88: Conforme CCT - RS002241/2025
A89: 3.1.6. RAT Ajustado (RAT x FAP ) | B89: =C40 -> 0.018 | C89: =TRUNC(ROUND($C$68*B89,2),2) -> 58.71 | D89: Conforme CCT - RS002241/2025
A90: 3.1.7. FGTS | B90: 0.08 | C90: =TRUNC(ROUND($C$68*B90,2),2) -> 260.94 | D90: Conforme CCT - RS002241/2025
A91: 3.1.8. SEBRAE | B91: 0.006 | C91: =TRUNC(ROUND($C$68*B91,2),2) -> 19.57 | D91: Conforme CCT - RS002241/2025
A92: 3.1.9. SAT (Seguro contra acidade de trabalho) | B92: 0.03 | C92: =TRUNC(ROUND($C$68*B92,2),2) -> 97.85 | D92: Conforme CCT - RS002241/2025
A93: TOTAL DO SUBMÓDULO 3.1 | B93: =SUM(B84:B92) -> 0.386 | C93: =SUM(C84:C92) -> 1259.03
A95: SUBMÓDULO 3.2: 13º SALÁRIO E ADICIONAL DE FÉRIAS | D95: COMENTÁRIO
A96: Rubrica | B96: % | C96: VALOR
A97: 3.2.1. Adicional de Férias | B97: =C97/C68 -> 0.0277765 | C97: =TRUNC(ROUND(($C$68/3)/12,2),2) -> 90.6 | D97: Conforme CCT - RS002241/2025
A98: 3.2.2. 13º salário | B98: 0.0833 | C98: =TRUNC(ROUND($C$68*B98,2),2) -> 271.7 | D98: Conforme CCT - RS002241/2025
A99: Subtotal | B99: =B97+B98 -> 0.1110765 | C99: =SUM(C97:C98) -> 362.3
A100: 3.2.3. Incidência do submódulo 3.1 sobre 13º salário e adicional de férias | B100: =B99*B93 -> 0.042875529 | C100: =TRUNC(ROUND($C$68*B100,2),2) -> 139.85 | D100: Conforme CCT - RS002241/2025
A101: TOTAL DO SUBMÓDULO 3.2 | B101: =B99+B100 -> 0.15395203 | C101: =SUM(C99:C100) -> 502.15
A103: SUBMÓDULO 3.3: AFASTAMENTO MATERNIDADE | D103: COMENTÁRIO
A104: Rubrica | B104: % | C104: VALOR
A105: 3.3.1. Licença Maternidade | B105: 0.0007 | C105: =TRUNC(ROUND($C$68*B105,2),2) -> 2.28 | D105: Conforme CCT - RS002241/2025
A106: 3.3.2. Incidência do 3.1 sobre afastamento maternidade | B106: 0.0003 | C106: =TRUNC(ROUND($C$68*B106,2),2) -> 0.98 | D106: Conforme CCT - RS002241/2025
A107: TOTAL DO SUBMÓDULO 3.3 | B107: =B105+B106 -> 0.001 | C107: =SUM(C105:C106) -> 3.26
A109: SUBMÓDULO 3.4: PROVISÃO PARA RESCISÃO | D109: COMENTÁRIO
A110: Rubrica | B110: % | C110: VALOR
A111: 3.4.1. Aviso Prévio Indenizado 2 | B111: 0.0264 | C111: =TRUNC(ROUND($C$68*B111,2),2) -> 86.11 | D111: Conforme CCT - RS002241/2025
...

Sheet MONITOR-11D
A1: ='GERAL-12D'!A1 -> PROPOSTA_SPAC_VIGIL01
A2: OBJETO DA LICITAÇÃO: | C2: MONITOR 11D | D2: COMENTÁRIO
A3: Horário de trabalho | C3: DIURNO
A4: Escala | C4: 11hs (5x2)
A5: Qtd de dias de trabalho na semana | C5: 5
A6: Média de dias trabalhados por empregado no mês | C6: 22
A7: Quantidade horas noturnas diárias | C7: 0 | D7: O artigo 73 da CLT, para o trabalho executado entre as 22 horas de um dia e as 5 horas do dia seguinte conf. §2°
A8: Quantidade horas diurnas | C8: 11
A9: Quantidade horas diárias do posto | C9: 11
A10: Quantidade horas extras mensais | C10: 55 | D10: 275horas/mensais - 220horas/mensais = 55 horas/mensais
A11: Limite de horas mensais com RSR (Repouso Salarial Remunerado)* | C11: 220 | D11: CLÁUSULA TERCEIRA - SALÁRIOS PROFISSIONAIS
A12: Horas de trabalho no mês com RSR | C12: 220
A13: POSTO | C13: Monitor Diurno
A14: Intervalo Intrajornada (Será concedido? sim/não) | C14: Sim
A15: Número de meses da execucao contratual | C15: 60
A16: Categoria Profissional | C16: SINDVIGILANTES
A17: CBO * | C17: 5174-20 | D17: Agente monitoramento, Operador de Vídeo
A18: Registro da CCT no MTE: * | C18: RS000776/2026 | D18: CCT
A19: Data base da categoria * | C19: 01/02 | D19: 01º de fevereiro de 2026 a 31 de janeiro de 2027
A20: Valor do salário normativo * | C20: 1938.2 | D20: CLÁUSULA TERCEIRA - SALÁRIOS PROFISSIONAIS
A21: Base de Cálculo para Insalubridade | C21: -
A22: Custo Unitário Transporte | C22: 5.3
A23: Custo Unitário Transporte | C23: 0.06 | D23: LEI No 7.418, DE 16 DE DEZEMBRO DE 1985 Art. 4 Parágrafo único
A24: Quantidade de vale transporte mês | C24: =C6*2 -> 44
A25: Custo Unitário Alimentação/Lanche CCT * | C25: 33 | D25: CLÁUSULA DÉCIMA QUINTA - AUXÍLIO ALIMENTAÇÃO
A26: % Descontado do empregado alimentação CCT * | C26: 0.2
A27: Quantidade de vale alimentação mês | C27: =C6 -> 22
A28: 2.3. Custo Unitário Assistencia médica * | C28: 0
A29: 2.4. Custo Unitário PLANO DE BENEFÍCIO FAMILIAR * | C29: 0
A30: 2.5. Custo Unitário Exames médicos/laudos segurança do trabalho | C30: 0
A31: 1.2. Hora extra | C31: 0.5
A32: 1.3. Adicional Noturno | C32: 0.2
A33: 1.5. Adicional Insalubridade | C33: 0
A34: 1.6. Adicional Periculosidade | C34: 0.3 | D34: Tribunal Regional do Trabalho da 1ª Região TRT-1 - RECURSO ORDINÁRIO: RO XXXXX20155010030 RJ ADICIONAL DE PERICULOSIDADE. VIGILANTE. ATIVIDADE COMPREENDIDA NO ART. 193, II, DA CLT. Fazem jus ao adicional de periculosidade equivalente a 30% do efetivo salário os trabalhadores em atividades profissionais de segurança pessoal ou patrimonial, em razão da exposição a risco de roubos ou outras espécies de violência …
A35: 1.7. Gratificação de Função | C35: 0
A36: 1.9. Adicional de troca de uniforme | C36: 0
A37: 1.91. Prêmio assiduidade | C37: 80 | D37: Valores referentes a Cláusula 14º da CCT. Não fará jus ao prêmio assiduidade quem apresentar falta, atraso, saída antes do fim de jornada, ausência (ainda que justificada ou abonada), punição disciplinar, atestado médico ou declaração de comparecimento
A38: 1.92. Reciclagem/formação continuada (Lei 14.967/24) | C38: 75.41 | D38: Valor Cláusula Décima Sexta - Treinamento
A39: 1.93. Custeio da Aprendizagem | C39: 96.61 | D39: Valores referentes a Cláusula 26º da CCT. §10.
A40: 3.1.6. RAT Ajustado (RAT x FAP ) | C40: 0.018
A41: * Nota: Itens com fundo verde que geralmente estão disponibilizados na CCT
A44: VALORES PARA UM EMPREGADO | D44: COMENTÁRIO
A45: Limite de horas mensais com RSR | C45: =C11 -> 220
A46: Horas de trabalho no mês com RSR | C46: =C12 -> 220
A47: Quantidade horas extras | C47: =C10 -> 55
A48: Salário hora | C48: =C20/C45 -> 8.81
A49: Salário hora com Gratificação de Função risco de vida | C49: =C48*(1+B60+B59+B61) -> 11.453
A50: Hora adicional noturno | C50: =C49*C32 -> 2.2906
A52: PLANILHA DE CUSTOS | D52: COMENTÁRIO
A53: MÓDULO 1: COMPOSIÇÃO DA REMUNERAÇÃO
A54: REMUNERAÇÃO | B54: % | C54: VALOR
A55: 1.1. Salário Base | C55: =IF(C46<C45,(C48*C46),C20) -> 1938.2
A56: 1.2. Hora extra | B56: =C31 -> 0.5 | C56: =C49*C47*(1+B56) -> 944.8725 | D56: Artigo 7º, XVI da CF
A57: 1.3. Adicional Noturno | B57: =C32 -> 0.2 | C57: =ROUND(((C7*C6)*C50),2) -> 0 | D57: O artigo 73 da CLT, 20% de acréscimo para o trabalho executado entre as 22 horas de um dia e as 5 horas do dia seguinte conf. §2°
A58: 1.4. Valor Hora Noturna Reduzida | C58: =TRUNC(ROUND((C7*C6)*((60/52.5)-1)*((C55+C59+C60)/C46)*1.2,2),2) -> 0 | D58: Qtde. de horas noturnas x qtde de dias laborados a noite x 0,142857 x (Salário base + adicionais periculosidade/insalubridade) ÷ total de horas mensais x 1,2
A59: 1.5. Adicional Insalubridade | B59: =C33 -> 0 | C59: =C20*B59 -> 0 | D59: O artigo 192 da CLT determina que o cálculo do adicional de insalubridade é feito com base no salário-mínimo — ou seja, ele não é relacionado ao salário do trabalhador. Porém, o adicional pode ser calculado sobre o piso da categoria em casos determinados por convenção coletiva.
A60: 1.6. Adicional Periculosidade | B60: =C34 -> 0.3 | C60: =TRUNC(ROUND(B60*C55,2),2) -> 581.46 | D60: SÚMULA Nº 191 - ADICIONAL. PERICULOSIDADE. INCIDÊNCIA O adicional de periculosidade incide apenas sobre o salário básico e não sobre este acrescido de outros adicionais.
A61: 1.7. Gratificação de Função | B61: =C35 -> 0 | C61: =C55*B61 -> 0
A62: 1.8. RSR s/ Adicional Noturno, Hora Noturna Reduzida | C62: =TRUNC(ROUND((C56+C57+C58)*20%,2),2) -> 188.97 | D62: RSR - Repouso Semanal Remunerado.
A63: =A36 -> 1.9. Adicional de troca de uniforme | C63: =C36*C6 -> 0
A66: Valor do Intervalor Intrajornada Indenizado | C66: =IF(ISNUMBER(C14),C14,0) -> 0
A67: TOTAL DA REMUNERAÇÃO | C67: =SUM(C55:C66) -> 3653.5025
A68: TOTAL DO MÓDULO 1 | C68: =C67 -> 3653.5025
A70: MÓDULO 2: BENEFÍCIOS MENSAIS E DIÁRIOS | D70: COMENTÁRIO
A71: BENEFÍCIOS | B71: % sobre remuneração | C71: VALOR
A72: 2.1. Vale-transporte * | B72: =C72/C68 -> 0.031999431 | C72: =TRUNC(ROUND(((C22*C24)-(C55*C23)),2),2) -> 116.91 | D72: = Valor Integral de todas as passagens - a parte paga pelo funcionário (SALÁRIO BASE * % de desconto do funcionário)
A73: 2.2. Auxílio alimentação/Cesta básica/Vale Lanche * | B73: =C73/C$68 -> 0.15897074 | C73: =TRUNC(ROUND((C25*C27)*(100%-C26),2),2) -> 580.8 | D73: = Valor integral do Auxílio - a parte paga pelo funcionário
A74: 2.3. Assistencia médica | B74: =C74/C$68 -> 0 | C74: =C28/12 -> 0
A75: 2.4. Plano de Benefício Familiar | B75: =C75/C$68 -> 0 | C75: =C29 -> 0
A76: 2.5. Exames médicos/ Laudos segurança do trabalho | B76: =C76/C$68 -> 0 | C76: =C30/12 -> 0
A77: TOTAL DO MÓDULO 2 | B77: =SUM(B72:B76) -> 0.19097017 | C77: =SUM(C72:C76) -> 697.71
A78: * Nota: O valor informado deverá ser o custo real do benefício (descontado o valor eventualmente pago pelo empregado).
A81: MÓDULO 3: ENCARGOS SOCIAIS E TRABALHISTAS | D81: COMENTÁRIO
A82: SUBMÓDULO 3.1 Encargos Previdenciários e FGTS
A83: Rubrica | B83: % | C83: VALOR
A84: 3.1.1. INSS | B84: 0.2 | C84: =TRUNC(ROUND($C$68*B84,2),2) -> 730.7 | D84: Conforme CCT - RS002241/2025
A85: 3.1.2. SESI/SESC | B85: 0.015 | C85: =TRUNC(ROUND($C$68*B85,2),2) -> 54.8 | D85: Conforme CCT - RS002241/2025
A86: 3.1.3. INCRA | B86: 0.002 | C86: =TRUNC(ROUND($C$68*B86,2),2) -> 7.31 | D86: Conforme CCT - RS002241/2025
A87: 3.1.4. SENAI/SENAC | B87: 0.01 | C87: =TRUNC(ROUND($C$68*B87,2),2) -> 36.54 | D87: Conforme CCT - RS002241/2025
A88: 3.1.5. Salário Educação | B88: 0.025 | C88: =TRUNC(ROUND($C$68*B88,2),2) -> 91.34 | D88: Conforme CCT - RS002241/2025
A89: 3.1.6. RAT Ajustado (RAT x FAP ) | B89: =C40 -> 0.018 | C89: =TRUNC(ROUND($C$68*B89,2),2) -> 65.76 | D89: Conforme CCT - RS002241/2025
A90: 3.1.7. FGTS | B90: 0.08 | C90: =TRUNC(ROUND($C$68*B90,2),2) -> 292.28 | D90: Conforme CCT - RS002241/2025
A91: 3.1.8. SEBRAE | B91: 0.006 | C91: =TRUNC(ROUND($C$68*B91,2),2) -> 21.92 | D91: Conforme CCT - RS002241/2025
A92: 3.1.9. SAT (Seguro contra acidade de trabalho) | B92: 0.03 | C92: =TRUNC(ROUND($C$68*B92,2),2) -> 109.61 | D92: Conforme CCT - RS002241/2025
A93: TOTAL DO SUBMÓDULO 3.1 | B93: =SUM(B84:B92) -> 0.386 | C93: =SUM(C84:C92) -> 1410.26
A95: SUBMÓDULO 3.2: 13º SALÁRIO E ADICIONAL DE FÉRIAS | D95: COMENTÁRIO
A96: Rubrica | B96: % | C96: VALOR
A97: 3.2.1. Adicional de Férias | B97: =C97/C68 -> 0.027778823 | C97: =TRUNC(ROUND(($C$68/3)/12,2),2) -> 101.49 | D97: Conforme CCT - RS002241/2025
A98: 3.2.2. 13º salário | B98: 0.0833 | C98: =TRUNC(ROUND($C$68*B98,2),2) -> 304.34 | D98: Conforme CCT - RS002241/2025
A99: Subtotal | B99: =B97+B98 -> 0.11107882 | C99: =SUM(C97:C98) -> 405.83
A100: 3.2.3. Incidência do submódulo 3.1 sobre 13º salário e adicional de férias | B100: =B99*B93 -> 0.042876426 | C100: =TRUNC(ROUND($C$68*B100,2),2) -> 156.65 | D100: Conforme CCT - RS002241/2025
A101: TOTAL DO SUBMÓDULO 3.2 | B101: =B99+B100 -> 0.15395525 | C101: =SUM(C99:C100) -> 562.48
A103: SUBMÓDULO 3.3: AFASTAMENTO MATERNIDADE | D103: COMENTÁRIO
A104: Rubrica | B104: % | C104: VALOR
A105: 3.3.1. Licença Maternidade | B105: 0.0007 | C105: =TRUNC(ROUND($C$68*B105,2),2) -> 2.56 | D105: Conforme CCT - RS002241/2025
A106: 3.3.2. Incidência do 3.1 sobre afastamento maternidade | B106: 0.0003 | C106: =TRUNC(ROUND($C$68*B106,2),2) -> 1.1 | D106: Conforme CCT - RS002241/2025
A107: TOTAL DO SUBMÓDULO 3.3 | B107: =B105+B106 -> 0.001 | C107: =SUM(C105:C106) -> 3.66
A109: SUBMÓDULO 3.4: PROVISÃO PARA RESCISÃO | D109: COMENTÁRIO
A110: Rubrica | B110: % | C110: VALOR
A111: 3.4.1. Aviso Prévio Indenizado 2 | B111: 0.0264 | C111: =TRUNC(ROUND($C$68*B111,2),2) -> 96.45 | D111: Conforme CCT - RS002241/2025
...

Sheet GERAL-11D
A1: ='GERAL-12D'!A1 -> PROPOSTA_SPAC_VIGIL01
A2: OBJETO DA LICITAÇÃO: | C2: GERAL 11D | D2: COMENTÁRIO
A3: Horário de trabalho | C3: DIURNO
A4: Escala | C4: 11hs (5x2)
A5: Qtd de dias de trabalho na semana | C5: 5
A6: Média de dias trabalhados por empregado no mês | C6: 22
A7: Quantidade horas noturnas diárias | C7: 0 | D7: O artigo 73 da CLT, para o trabalho executado entre as 22 horas de um dia e as 5 horas do dia seguinte conf. §2°
A8: Quantidade horas diurnas | C8: 11
A9: Quantidade horas diárias do posto | C9: 11
A10: Quantidade horas extras mensais | C10: 55
A11: Limite de horas mensais com RSR (Repouso Salarial Remunerado)* | C11: 220 | D11: CLÁUSULA TERCEIRA - SALÁRIOS PROFISSIONAIS
A12: Horas de trabalho no mês com RSR | C12: 220
A13: POSTO | C13: Vigilante Diurno
A14: Intervalo Intrajornada (Será concedido? sim/não) | C14: Sim
A15: Número de meses da execucao contratual | C15: 60
A16: Categoria Profissional | C16: SINDVIGILANTES
A17: CBO * | C17: 5173-30 | D17: Agente monitoramento, Operador de Vídeo
A18: Registro da CCT no MTE: * | C18: RS000776/2026 | D18: CCT
A19: Data base da categoria * | C19: 01/02 | D19: 01º de fevereiro de 2026 a 31 de janeiro de 2027
A20: Valor do salário normativo * | C20: 2211 | D20: CLÁUSULA TERCEIRA - SALÁRIOS PROFISSIONAIS
A21: Base de Cálculo para Insalubridade | C21: -
A22: Custo Unitário Transporte | C22: 5.3
A23: Custo Unitário Transporte | C23: 0.06 | D23: LEI No 7.418, DE 16 DE DEZEMBRO DE 1985 Art. 4 Parágrafo único
A24: Quantidade de vale transporte mês | C24: =C6*2 -> 44
A25: Custo Unitário Alimentação/Lanche CCT * | C25: 33 | D25: CLÁUSULA DÉCIMA QUINTA - AUXÍLIO ALIMENTAÇÃO
A26: % Descontado do empregado alimentação CCT * | C26: 0.2
A27: Quantidade de vale alimentação mês | C27: =C6 -> 22
A28: 2.3. Custo Unitário Assistencia médica * | C28: 0
A29: 2.4. Custo Unitário PLANO DE BENEFÍCIO FAMILIAR * | C29: 0
A30: 2.5. Custo Unitário Exames médicos/laudos segurança do trabalho | C30: 0
A31: 1.2. Hora extra | C31: 0.5
A32: 1.3. Adicional Noturno | C32: 0.2
A33: 1.5. Adicional Insalubridade | C33: 0
A34: 1.6. Adicional Periculosidade | C34: 0.3 | D34: Tribunal Regional do Trabalho da 1ª Região TRT-1 - RECURSO ORDINÁRIO: RO XXXXX20155010030 RJ ADICIONAL DE PERICULOSIDADE. VIGILANTE. ATIVIDADE COMPREENDIDA NO ART. 193, II, DA CLT. Fazem jus ao adicional de periculosidade equivalente a 30% do efetivo salário os trabalhadores em atividades profissionais de segurança pessoal ou patrimonial, em razão da exposição a risco de roubos ou outras espécies de violência …
A35: 1.7. Gratificação de Função | C35: 0
A36: 1.9. Adicional de troca de uniforme | C36: 1.67
A37: 1.91. Prêmio assiduidade | C37: 80 | D37: Valores referentes a Cláusula 14º da CCT. Não fará jus ao prêmio assiduidade quem apresentar falta, atraso, saída antes do fim de jornada, ausência (ainda que justificada ou abonada), punição disciplinar, atestado médico ou declaração de comparecimento
A38: 1.92. Reciclagem/formação continuada (Lei 14.967/24) | C38: 75.41 | D38: Valor Cláusula Décima Sexta - Treinamento
A39: 1.93. Custeio da Aprendizagem | C39: 96.61 | D39: Valores referentes a Cláusula 26º da CCT. §10.
A40: 3.1.6. RAT Ajustado (RAT x FAP ) | C40: 0.018
A41: * Nota: Itens com fundo verde que geralmente estão disponibilizados na CCT
A44: VALORES PARA UM EMPREGADO | D44: COMENTÁRIO
A45: Limite de horas mensais com RSR | C45: =C11 -> 220
A46: Horas de trabalho no mês com RSR | C46: =C12 -> 220
A47: Quantidade horas extras | C47: =C10 -> 55
A48: Salário hora | C48: =C20/C45 -> 10.05
A49: Salário hora com Gratificação de Função risco de vida | C49: =C48*(1+B60+B59+B61) -> 13.065
A50: Hora adicional noturno | C50: =C49*C32 -> 2.613
A52: PLANILHA DE CUSTOS | D52: COMENTÁRIO
A53: MÓDULO 1: COMPOSIÇÃO DA REMUNERAÇÃO
A54: REMUNERAÇÃO | B54: % | C54: VALOR
A55: 1.1. Salário Base | C55: =IF(C46<C45,(C48*C46),C20) -> 2211
A56: 1.2. Hora extra | B56: =C31 -> 0.5 | C56: =C49*C47*(1+B56) -> 1077.8625 | D56: Artigo 7º, XVI da CF
A57: 1.3. Adicional Noturno | B57: =C32 -> 0.2 | C57: =ROUND(((C7*C6)*C50),2) -> 0 | D57: O artigo 73 da CLT, 20% de acréscimo para o trabalho executado entre as 22 horas de um dia e as 5 horas do dia seguinte conf. §2°
A58: 1.4. Valor Hora Noturna Reduzida | C58: =TRUNC(ROUND((C7*C6)*((60/52.5)-1)*((C55+C59+C60)/C46)*1.2,2),2) -> 0 | D58: Qtde. de horas noturnas x qtde de dias laborados a noite x 0,142857 x (Salário base + adicionais periculosidade/insalubridade) ÷ total de horas mensais x 1,2
A59: 1.5. Adicional Insalubridade | B59: =C33 -> 0 | C59: =C20*B59 -> 0 | D59: O artigo 192 da CLT determina que o cálculo do adicional de insalubridade é feito com base no salário-mínimo — ou seja, ele não é relacionado ao salário do trabalhador. Porém, o adicional pode ser calculado sobre o piso da categoria em casos determinados por convenção coletiva.
A60: 1.6. Adicional Periculosidade | B60: =C34 -> 0.3 | C60: =TRUNC(ROUND(B60*C55,2),2) -> 663.3 | D60: SÚMULA Nº 191 - ADICIONAL. PERICULOSIDADE. INCIDÊNCIA O adicional de periculosidade incide apenas sobre o salário básico e não sobre este acrescido de outros adicionais.
A61: 1.7. Gratificação de Função | B61: =C35 -> 0 | C61: =C55*B61 -> 0
A62: 1.8. RSR s/ Adicional Noturno, Hora Noturna Reduzida | C62: =TRUNC(ROUND((C56+C57+C58)*20%,2),2) -> 215.57 | D62: RSR - Repouso Semanal Remunerado.
A63: =A36 -> 1.9. Adicional de troca de uniforme | C63: =C36*C6 -> 36.74
A66: Valor do Intervalor Intrajornada Indenizado | C66: =IF(ISNUMBER(C14),C14,0) -> 0
A67: TOTAL DA REMUNERAÇÃO | C67: =SUM(C55:C66) -> 4204.4725
A68: TOTAL DO MÓDULO 1 | C68: =C67 -> 4204.4725
A70: MÓDULO 2: BENEFÍCIOS MENSAIS E DIÁRIOS | D70: COMENTÁRIO
A71: BENEFÍCIOS | B71: % sobre remuneração | C71: VALOR
A72: 2.1. Vale-transporte * | B72: =C72/C68 -> 0.023912631 | C72: =TRUNC(ROUND(((C22*C24)-(C55*C23)),2),2) -> 100.54 | D72: = Valor Integral de todas as passagens - a parte paga pelo funcionário (SALÁRIO BASE * % de desconto do funcionário)
A73: 2.2. Auxílio alimentação/Cesta básica/Vale Lanche * | B73: =C73/C$68 -> 0.13813861 | C73: =TRUNC(ROUND((C25*C27)*(100%-C26),2),2) -> 580.8 | D73: = Valor integral do Auxílio - a parte paga pelo funcionário
A74: 2.3. Assistencia médica | B74: =C74/C$68 -> 0 | C74: =C28/12 -> 0
A75: 2.4. Plano de Benefício Familiar | B75: =C75/C$68 -> 0 | C75: =C29 -> 0
A76: 2.5. Exames médicos/ Laudos segurança do trabalho | B76: =C76/C$68 -> 0 | C76: =C30/12 -> 0
A77: TOTAL DO MÓDULO 2 | B77: =SUM(B72:B76) -> 0.16205124 | C77: =SUM(C72:C76) -> 681.34
A78: * Nota: O valor informado deverá ser o custo real do benefício (descontado o valor eventualmente pago pelo empregado).
A81: MÓDULO 3: ENCARGOS SOCIAIS E TRABALHISTAS | D81: COMENTÁRIO
A82: SUBMÓDULO 3.1 Encargos Previdenciários e FGTS
A83: Rubrica | B83: % | C83: VALOR
A84: 3.1.1. INSS | B84: 0.2 | C84: =TRUNC(ROUND($C$68*B84,2),2) -> 840.89 | D84: Conforme CCT - RS002241/2025
A85: 3.1.2. SESI/SESC | B85: 0.015 | C85: =TRUNC(ROUND($C$68*B85,2),2) -> 63.07 | D85: Conforme CCT - RS002241/2025
A86: 3.1.3. INCRA | B86: 0.002 | C86: =TRUNC(ROUND($C$68*B86,2),2) -> 8.41 | D86: Conforme CCT - RS002241/2025
A87: 3.1.4. SENAI/SENAC | B87: 0.01 | C87: =TRUNC(ROUND($C$68*B87,2),2) -> 42.04 | D87: Conforme CCT - RS002241/2025
A88: 3.1.5. Salário Educação | B88: 0.025 | C88: =TRUNC(ROUND($C$68*B88,2),2) -> 105.11 | D88: Conforme CCT - RS002241/2025
A89: 3.1.6. RAT Ajustado (RAT x FAP ) | B89: =C40 -> 0.018 | C89: =TRUNC(ROUND($C$68*B89,2),2) -> 75.68 | D89: Conforme CCT - RS002241/2025
A90: 3.1.7. FGTS | B90: 0.08 | C90: =TRUNC(ROUND($C$68*B90,2),2) -> 336.36 | D90: Conforme CCT - RS002241/2025
A91: 3.1.8. SEBRAE | B91: 0.006 | C91: =TRUNC(ROUND($C$68*B91,2),2) -> 25.23 | D91: Conforme CCT - RS002241/2025
A92: 3.1.9. SAT (Seguro contra acidade de trabalho) | B92: 0.03 | C92: =TRUNC(ROUND($C$68*B92,2),2) -> 126.13 | D92: Conforme CCT - RS002241/2025
A93: TOTAL DO SUBMÓDULO 3.1 | B93: =SUM(B84:B92) -> 0.386 | C93: =SUM(C84:C92) -> 1622.92
A95: SUBMÓDULO 3.2: 13º SALÁRIO E ADICIONAL DE FÉRIAS | D95: COMENTÁRIO
A96: Rubrica | B96: % | C96: VALOR
A97: 3.2.1. Adicional de Férias | B97: =C97/C68 -> 0.027777563 | C97: =TRUNC(ROUND(($C$68/3)/12,2),2) -> 116.79 | D97: Conforme CCT - RS002241/2025
A98: 3.2.2. 13º salário | B98: 0.0833 | C98: =TRUNC(ROUND($C$68*B98,2),2) -> 350.23 | D98: Conforme CCT - RS002241/2025
A99: Subtotal | B99: =B97+B98 -> 0.11107756 | C99: =SUM(C97:C98) -> 467.02
A100: 3.2.3. Incidência do submódulo 3.1 sobre 13º salário e adicional de férias | B100: =B99*B93 -> 0.042875939 | C100: =TRUNC(ROUND($C$68*B100,2),2) -> 180.27 | D100: Conforme CCT - RS002241/2025
A101: TOTAL DO SUBMÓDULO 3.2 | B101: =B99+B100 -> 0.1539535 | C101: =SUM(C99:C100) -> 647.29
A103: SUBMÓDULO 3.3: AFASTAMENTO MATERNIDADE | D103: COMENTÁRIO
A104: Rubrica | B104: % | C104: VALOR
A105: 3.3.1. Licença Maternidade | B105: 0.0007 | C105: =TRUNC(ROUND($C$68*B105,2),2) -> 2.94 | D105: Conforme CCT - RS002241/2025
A106: 3.3.2. Incidência do 3.1 sobre afastamento maternidade | B106: 0.0003 | C106: =TRUNC(ROUND($C$68*B106,2),2) -> 1.26 | D106: Conforme CCT - RS002241/2025
A107: TOTAL DO SUBMÓDULO 3.3 | B107: =B105+B106 -> 0.001 | C107: =SUM(C105:C106) -> 4.2
A109: SUBMÓDULO 3.4: PROVISÃO PARA RESCISÃO | D109: COMENTÁRIO
A110: Rubrica | B110: % | C110: VALOR
A111: 3.4.1. Aviso Prévio Indenizado 2 | B111: 0.0264 | C111: =TRUNC(ROUND($C$68*B111,2),2) -> 111 | D111: Conforme CCT - RS002241/2025
...

Sheet MATERIAIS
A1: Item | B1: Prazo De Substituição | C1: Número de peças por vigia | D1: Valor Unitário da peça R$ | E1: Valor total por vigia mensal R$ | F1: LINK | H1: Veículo para monitoramento | I1: Valor | J1: Valor Anual | K1: Valor Mensal
A2: Calça Tipo Rip Stop, com 6 bolsos (2 frente, 2 atrás e 2 laterais) | B2: 12 | C2: 2 | D2: 142.12 | E2: =C2*TRUNC(ROUND(D2/B2,2),2) -> 23.68 | F2: Link
A3: Camisa manga longa, com abotoamento frontal, com logomarca e nas cores da empresa | B3: 12 | C3: 2 | D3: 147.6 | E3: =C3*TRUNC(ROUND(D3/B3,2),2) -> 24.6 | H3: Valor estimado | I3: =J15 -> 9604
A4: Camisa manga curta, com abotoamento frontal, com logomarca e nas cores da empresa | B4: 12 | C4: 2 | D4: 138.51 | E4: =C4*TRUNC(ROUND(D4/B4,2),2) -> 23.08 | H4: Amortização anual | I4: 0.2 | J4: =I4*I3 -> 1920.8 | K4: =ROUND(J4/12,2) -> 160.07
A5: Jaqueta de frio, japona ou parka, de náilon, com logotipo e nas cores da empresa | B5: 24 | C5: 1 | D5: 251.09 | E5: =C5*TRUNC(ROUND(D5/B5,2),2) -> 10.46 | H5: Custo de Oportunidade | I5: 0.15 | J5: =I3*I5 -> 1440.6 | K5: =ROUND(J5/12,2) -> 120.05
A6: Capa de chuva, confeccionada em náilon emborrachado, com capuz e punhos ajustáveis, com fita reflexiva na frente e nas costas, com logomarca e nas cores da empresa | B6: 24 | C6: 1 | D6: 157.28 | E6: =C6*TRUNC(ROUND(D6/B6,2),2) -> 6.55 | H6: Valor total | J6: =SUM(J4:J5) -> 3361.4 | K6: =ROUND(SUM(K2:K5),2) -> 280.12
A7: Coturno (par) | B7: 12 | C7: 1 | D7: 224.28 | E7: =C7*TRUNC(ROUND(D7/B7,2),2) -> 18.69
A8: Meia cano alto | B8: 12 | C8: 3 | D8: 15.11 | E8: =C8*TRUNC(ROUND(D8/B8,2),2) -> 3.78
A9: Cinto de guarnição tático completo | B9: 12 | C9: 1 | D9: 167.42 | E9: =C9*TRUNC(ROUND(D9/B9,2),2) -> 13.95 | H9: Veículo | J9: Valor | K9: Link | L9: Data | M9: Local
A10: Boné no modelo, logotipo e cores da empresa | B10: 12 | C10: 1 | D10: 35.31 | E10: =C10*TRUNC(ROUND(D10/B10,2),2) -> 2.94 | H10: SCOOTER ELÉTRICA 1000W | J10: 10100 | K10: Link | L10: 45776 | M10: Prefeitura Municipal de Santana da Vargem
A11: Gravata nas cores da empresa | B11: 12 | C11: 2 | D11: 42.41 | E11: =C11*TRUNC(ROUND(D11/B11,2),2) -> 7.06 | H11: SCOOTER ELÉTRICA, Motor com potência mínima de 1000w; | J11: 8950 | K11: Link | L11: 46149 | M11: Prefeitura Municipal de Alegrete
C12: TOTAL PARCIAL ROUPAS POR VIGIA | E12: =SUM(E2:E11) -> 134.79 | H12: Scooter Elétrica X11 | J12: 9990 | K12: Link | L12: 46197 | M12: Ecomotors Brasil
H13: Scooter Elétrica X12 | J13: 9990 | K13: Link | L13: 46197 | M13: Motochefe
A14: Item | B14: Prazo De Substituição | C14: Número de peças por vigia | D14: Valor Unitário R$ | E14: Valor Unitário mensal R$ | H14: Scooter MC SOMA | J14: 8990 | K14: Link | L14: 46197 | M14: Motochefe
A15: Equipamento profissional de Rádio Comunicação, em VHF, com bateria e carregador. | B15: 36 | C15: 0.5 | D15: 2339.55 | E15: =C15*ROUND(D15/B15,2) -> 32.495 | H15: Média de valores | J15: =AVERAGE(J10:J14) -> 9604
A16: Bateria | B16: 36 | C16: 0.5 | D16: 261.33 | E16: =ROUND(D16/B16*C16,2) -> 3.63
A17: Bastão PR24 | B17: 36 | C17: 1 | D17: 29.85 | E17: =TRUNC(ROUND(C17*D17/B17,2),2) -> 0.83
A18: Porta-bastão | B18: 36 | C18: 1 | D18: 34.08 | E18: =TRUNC(ROUND(C18*D18/B18,2),2) -> 0.95 | H18: Exemplos de Veículo Elétrico
A19: Fone de ouvido | B19: 6 | C19: 1 | D19: 124.23 | E19: =TRUNC(ROUND(C19*D19/B19,2),2) -> 20.71
A20: Apito com cordão de apito | B20: 24 | C20: 1 | D20: 13.49 | E20: =TRUNC(ROUND(C20*D20/B20,2),2) -> 0.56
A21: Lanterna de LED, com bateria | B21: 24 | C21: 1 | D21: 38.59 | E21: =TRUNC(ROUND(C21*D21/B21,2),2) -> 1.61
A22: Colete refletivo | B22: 12 | C22: 1 | D22: 23.15 | E22: =TRUNC(ROUND(C22*D22/B22,2),2) -> 1.93
C23: TOTAL PARCIAL EQUIPAMENTOS POR VIGIA | E23: =SUM(E15:E22) -> 62.715
C24: TOTAL GLOBAL MENSAL POR VIGIA/ SUPERVISOR/ MONITOR | E24: =E23+E12 -> 197.505
A27: Considerando que haverá no máximo 9 vigilantes atuando ao mesmo tempo, 10 rádios atenderiam a necessidade
A28: Foi prevista a aquisição de bateria para que seja mantido o mesmo número de bateria carregada para cada rádio utilizado

Sheet TOTAIS FINAIS
A1: ='GERAL-12D'!A1 -> PROPOSTA_SPAC_VIGIL01
A2: PROCESSO SEI 130.00016/2024-59
A3: RESUMO: VALOR
A4: Cargo | B4: Acúmulo em %: Chefia e Função Gratificada | C4: Jornada Semanal | D4: Número de Funcionários Estimados | E4: Valor Unitário do Cargo | F4: Valor Mensal | G4: Valor Anual
A5: ='GERAL-12D'!$C$2 -> GERAL 12D | B5: =SUM('GERAL-12D'!B59:B61) -> 0.3 | C5: ='GERAL-12D'!$C$46/5 -> 44 | D5: 6 | E5: ='GERAL-12D'!$C$143 -> 6456.14 | F5: =D5*E5 -> 38736.84 | G5: =F5*12 -> 464842.08
A6: ='GERAL-12N'!$C$2 -> GERAL 12N | B6: =SUM('GERAL-12N'!B59:B61) -> 0.3 | C6: ='GERAL-12N'!$C$46/5 -> 44 | D6: 4 | E6: ='GERAL-12N'!$C$143 -> 7671.38 | F6: =D6*E6 -> 30685.52 | G6: =F6*12 -> 368226.24
A7: ='LÍDER-12D'!$C$2 -> LIDER 12D | B7: =SUM('LÍDER-12D'!B59:B61) -> 0.5 | C7: ='LÍDER-12D'!$C$46/5 -> 44 | D7: 2 | E7: ='LÍDER-12D'!$C$143 -> 6915.92 | F7: =D7*E7 -> 13831.84 | G7: =F7*12 -> 165982.08
A8: ='MONITOR-12D'!$C$2 -> MONITOR 12D | B8: =SUM('MONITOR-12D'!B59:B61) -> 0.3 | C8: ='MONITOR-12D'!$C$46/5 -> 44 | D8: 2 | E8: ='MONITOR-12D'!$C$143 -> 5397.11 | F8: =D8*E8 -> 10794.22 | G8: =F8*12 -> 129530.64
A9: ='MONITOR-12N'!$C$2 -> MONITOR 12N | B9: =SUM('MONITOR-12N'!B59:B61) -> 0.3 | C9: ='MONITOR-12N'!$C$46/5 -> 44 | D9: 2 | E9: ='MONITOR-12N'!$C$143 -> 6783.22 | F9: =D9*E9 -> 13566.44 | G9: =F9*12 -> 162797.28
A10: ='MONITOR-11D'!$C$2 -> MONITOR 11D | B10: =SUM('MONITOR-11D'!B59:B61) -> 0.3 | C10: 55 horas | D10: 1 | E10: ='MONITOR-11D'!$C$143 -> 7774.03 | F10: =D10*E10 -> 7774.03 | G10: =F10*12 -> 93288.36
A11: ='GERAL-11D'!$C$2 -> GERAL 11D | B11: =SUM('GERAL-11D'!B59:B61) -> 0.3 | C11: 55 Horas | D11: 3 | E11: ='GERAL-11D'!$C$143 -> 8786.73 | F11: =D11*E11 -> 26360.19 | G11: =F11*12 -> 316322.28
A13: Total Mão de Obra | D13: =SUM(D5:D12) -> 20 | F13: =SUM(F5:F12) -> 141749.08 | G13: =F13*12 -> 1700989
D14: MÓDULO 4: RESUMO MATERIAIS E EQUIPAMENTOS INDIVIDUAIS E COLETIVOS
D15: Nº FUNC/CARGO | E15: R$ de EPI por funcionário | F15: Valor Mensal- EPI | G15: Valor Anual - EPI
D16: =D5 &" - "& 'GERAL-12D'!$C$2 -> 6 - GERAL 12D | E16: =MATERIAIS!$E$24 -> 197.505 | F16: =E16*D5 -> 1185.03 | G16: =F16*12 -> 14220.36
D17: =D6 &" - "&'GERAL-12N'!$C$2 -> 4 - GERAL 12N | E17: =MATERIAIS!$E$24 -> 197.505 | F17: =E17*D6 -> 790.02 | G17: =F17*12 -> 9480.24
D18: =D7 &" - "&'LÍDER-12D'!$C$2 -> 2 - LIDER 12D | E18: =MATERIAIS!$E$24 -> 197.505 | F18: =E18*D7 -> 395.01 | G18: =F18*12 -> 4740.12
D19: =D8 &" - "&'MONITOR-12D'!$C$2 -> 2 - MONITOR 12D | E19: =MATERIAIS!$E$24 -> 197.505 | F19: =E19*D8 -> 395.01 | G19: =F19*12 -> 4740.12
D20: =D9 &" - "&'MONITOR-12N'!$C$2 -> 2 - MONITOR 12N | E20: =MATERIAIS!$E$24 -> 197.505 | F20: =E20*D9 -> 395.01 | G20: =F20*12 -> 4740.12
D21: =D10 &" - "&'MONITOR-11D'!$C$2 -> 1 - MONITOR 11D | E21: =MATERIAIS!$E$24 -> 197.505 | F21: =E21*D10 -> 197.505 | G21: =F21*12 -> 2370.06
D22: =D11 &" - "& 'GERAL-11D'!$C$2 -> 3 - GERAL 11D | E22: =MATERIAIS!$E$24 -> 197.505 | F22: =E22*D11 -> 592.515 | G22: =F22*12 -> 7110.18
D23: Total EPI | F23: =SUM(F16:F22) -> 3950.1 | G23: =SUM(G16:G22) -> 47401.2
D24: MATERIAIS / EQUIPAMENTOS COLETIVOS (EPC) | F24: Valor Mensal | G24: Valor Anual
D25: Veículo para Ronda | F25: =MATERIAIS!K6 -> 280.12 | G25: =F25*12 -> 3361.44
D27: Total Materiais / Equipamentos Coletivos (EPC) | F27: =SUM(F25:F26) -> 280.12 | G27: =SUM(G25:G26) -> 3361.44
D28: Total | F28: =F27+F23 -> 4230.22 | G28: =G27+G23 -> 50762.64
D29: MÓDULO 5: CITL - CUSTOS INDIRETOS, TRIBUTOS E LUCRO (SL, LA e SU)
E30: % | F30: Valor mensal | G30: Valor Anual
D31: Despesas Administrativa | E31: 0.05 | F31: =TRUNC(ROUND((F13+F28)*E31,2),2) -> 7298.97 | G31: =F31*12 -> 87587.64
D32: Lucro | E32: 0.05 | F32: =TRUNC(ROUND((F13+F28+F31)*E32,2),2) -> 7663.91 | G32: =F32*12 -> 91966.92
D33: ISSQN (entre 2% a 5%) | E33: 0.025 | F33: =TRUNC(ROUND((F13+F28+F31+F32)/(100%-SUM(E33:E35))*E33,2),2) -> 4559.27 | G33: =F33*12 -> 54711.24 | H33: Conforme anexo VI, item 11.02, do DECRETO Nº 15.416, DE 20 DE DEZEMBRO DE 2006
D34: COFINS | E34: 0.076 | F34: =TRUNC(ROUND((F13+F28+F31+F32)/(100%-SUM(E33:E35))*E34,2),2) -> 13860.18 | G34: =F34*12 -> 166322.16
D35: PIS | E35: 0.0165 | F35: =TRUNC(ROUND((F13+F28+F31+F32)/(100%-SUM(E33:E35))*E35,2),2) -> 3009.12 | G35: =F35*12 -> 36109.44
D36: TOTAL CITL | F36: =SUM(F31:F35) -> 36391.45 | G36: =F36*12 -> 436697.4
D39: TOTAL FINAL | E39: Valor Mensal | F39: Valor Contratual
E40: =F13+F28+F36 -> 182370.75 | F40: =SUM(G36,G28,G13) -> 2188449
D44: VALORES POR DEMANDA
D45: Tipo de hora | E45: Horas Anual | F45: ="Hora-base (R$) Valor VIGIA GERAL 12D = R$ "& E5 & "/220 = "&TEXT(E5/220,"0,00")&" /hora" -> Hora-base (R$) Valor VIGIA GERAL 12D = R$ 6456,14/220 = 29,35 /hora | G45: Fator | H45: Custo/h efetivo (R$) | I45: Subtotal (R$) Anual
D46: Dias úteis — diurno | E46: 1500 | F46: =ROUND(E$5/220,2) -> 29.35 | G46: 1 | H46: =ROUND(G46*F46,2) -> 29.35 | I46: =H46*E46 -> 44025
D47: Sábados (adicional 50%) | E47: 200 | F47: =ROUND(E$5/220,2) -> 29.35 | G47: 1.5 | H47: =ROUND(G47*F47,2) -> 44.03 | I47: =H47*E47 -> 8806
D48: Domingos/feriados (adicional 100%) | E48: 100 | F48: =ROUND(E$5/220,2) -> 29.35 | G48: 2 | H48: =ROUND(G48*F48,2) -> 58.7 | I48: =H48*E48 -> 5870
D49: Noturno em dias úteis (adicional 20%) | E49: 200 | F49: =ROUND(E$5/220,2) -> 29.35 | G49: 1.2 | H49: =ROUND(G49*F49,2) -> 35.22 | I49: =H49*E49 -> 7044
D50: SUBTOTAL MÃO DE OBRA | E50: 2000 | F50: — | G50: — | H50: — | I50: =SUM(I46:I49) -> 65745
D51: MÓDULO 5: CITL - CUSTOS INDIRETOS, TRIBUTOS E LUCRO (SL, LA e SU)
E52: % | F52: Valor Anual | G52: Valor Mensal
D53: Despesas Administrativa | E53: 0.05 | F53: =TRUNC(ROUND(($I$50)*$E$53,2),2) -> 3287.25
D54: Lucro | E54: 0.05 | F54: =TRUNC(ROUND(($I$50+F$53)*$E$54,2),2) -> 3451.61
D55: ISSQN (entre 2% a 5%) | E55: 0.025 | F55: =TRUNC(ROUND(($I$50+F$53+F$54)/(100%-SUM($E$55:$E$57))*$E$55,2),2) -> 2053.37
D56: COFINS | E56: 0.076 | F56: =TRUNC(ROUND(($I$50+F$53+F$54)/(100%-SUM($E$55:$E$57))*$E$56,2),2) -> 6242.24
D57: PIS | E57: 0.0165 | F57: =TRUNC(ROUND(($I$50+F$53+F$54)/(100%-SUM($E$55:$E$57))*$E$57,2),2) -> 1355.22
D58: TOTAL CITL | F58: =SUM(F53:F57) -> 16389.69 | G58: =F58/12 -> 1365.8075
D61: TOTAL FINAL Valores por Demanda | E61: Valor Mensal | F61: Valor Contratual
E62: =ROUND(G58+I50/12,2) -> 6844.56 | F62: =I50+F58 -> 82134.69

Sheet CCT - RS000303 2024
K46: Adicional de Periculosidade: 30%
K47: Adicional Noturno: 20%
K48: Auxílio Alimentação: R$ 33,00
K49: Vale-Transporte: Com desconto de 6% do salário
